 Dungeon Crawl Stone Soup version 0.30.1-11-g7821555f0a (webtiles) character file.

Game seed: 12055780341146989713

2030318 Nonny the Slayer (level 27, 235/235 HPs)
             Began as a Naga Cinder Acolyte on Nov 18, 2023.
             Was an Elder of Ashenzari.
             Escaped with the Orb
             ... and 4 runes on Nov 19, 2023!
             The game lasted 06:57:36 (87957 turns).

Nonny the Slayer (Naga Cinder Acolyte)             Turns: 87957, Time: 06:57:37

Health: 235/235    AC: 31    Str: 28    XL:     27
Magic:  35/35      EV: 10    Int: 17    God:    Ashenzari [****..]
Gold:   687        SH: 31    Dex:  9    Spells: 24/36 levels left

rFire   + . .        b - +10 morningstar "Eos" {elec, Halo rElec, Melee, Alch} (curse)
rCold   + + .        l - +8 tower shield of Ashenzari's Dismay {Comp, Fort} (curse)
rNeg    + . .        c - +1 scale mail "Per Aspera Ad Scientiam" {Fly rC+ Will+ rCorr, Elem, Comp} (curse)
rPois   +            (helmet restricted)
rElec   +            J - scarf of Toth-Mos's Legacy {shadows, rC+, Cun, Fort} (curse)
rCorr   +            K - +2 pair of gloves of Ashenzari's Heresy {Melee, Cun} (curse)
SInv    +            B - +4 barding "Esoteric Sorrow" {rC+, Fort, Range} (curse)
Will    ++++.        g - amulet of Vitality {RegenMP++ Regen++, Elem, Bglg} (curse)
Stlth   +            P - ring of protection from fire
HPRegen 2.19/turn    x - ring of positive energy
MPRegen 1.04/turn

%: clarity
@: flying, glowing, studying 2 skills, very slow
A: AC +9, large, see invisible, deformed body, poison resistance, slowness 2,
spit poison 1, naga tail 2, horns 1, stinger 1, deterioration 1, frail 2, strong
1, cold vulnerability 1
0: Orb of Zot
}: 4/15 runes: decaying, slimy, silver, gossamer
a: Spit Poison, Renounce Religion, Curse Item, Shatter the Chains


You escaped.
You worshipped Ashenzari.
Ashenzari was greatly pleased with you.
You visited 12 branches of the dungeon, and saw 54 of its levels.
You visited the Abyss 4 times.
You also visited: Gauntlet, Ice Cave and Wizlab.

You collected 8705 gold pieces.
You spent 8018 gold pieces at shops.

Inventory:

Hand Weapons
 b - the cursed +10 morningstar "Eos" (weapon) {elec, Halo rElec, Melee, Alch}
   (You took it off a deep elf demonologist on level 3 of the Elven Halls)

   Halo:      It grants its wielder a halo, revealing invisible creatures and
   increasing accuracy against all within it other than the wielder.
   rElec:     It insulates you from electricity.
   It has a curse which improves the following skills: Melee Combat: Short
   Blades, Long Blades, Axes, Maces & Flails, Polearms, Staves and Unarmed
   Combat.
   Alchemy:   Poison Magic and Transmutations.
Missiles
 h - 14 atropa-tipped darts
 p - 12 curare-tipped darts
 u - 2 throwing nets
Armour
 c - the cursed +1 scale mail "Per Aspera Ad Scientiam" (worn) {Fly rC+ Will+ rCorr, Elem, Comp}
   (You found it on level 3 of the Swamp)

   rC:        It protects you from cold.
   Fly:       It grants you flight.
   rCorr:     It protects you from acid and corrosion.
   Will:      It increases your willpower.
   It has a curse which improves the following skills: Elements: Fire Magic, Ice
   Magic, Air Magic and Earth Magic.
   Companions: Summonings and Necromancy.
 l - the cursed +8 tower shield of Ashenzari's Dismay (worn) {Comp, Fort}
   (You found it on level 1 of the Dungeon)

   It has a curse which improves the following skills: Companions: Summonings
   and Necromancy.
   Fortitude: Armour and Shields.
 B - the cursed +4 barding "Esoteric Sorrow" (worn) {rC+, Fort, Range}
   (You acquired it on level 3 of the Lair of Beasts)

   It has a curse which improves the following skills: Fortitude: Armour and
   Shields.
   Ranged Combat: Ranged Weapons and Throwing.
 J - the cursed scarf of Toth-Mos's Legacy (worn) {shadows, rC+, Cun, Fort}
   (You found it on level 4 of the Spider Nest)

   rC:        It protects you from cold.
   It has a curse which improves the following skills: Cunning: Dodging and
   Stealth.
   Fortitude: Armour and Shields.
 K - the cursed +2 pair of gloves of Ashenzari's Heresy (worn) {Melee, Cun}
   (You found it on level 12 of the Dungeon)

   It has a curse which improves the following skills: Melee Combat: Short
   Blades, Long Blades, Axes, Maces & Flails, Polearms, Staves and Unarmed
   Combat.
   Cunning:   Dodging and Stealth.
 R - a +2 helmet
Jewellery
 g - the cursed amulet of Vitality (around neck) {RegenMP++ Regen++, Elem, Bglg}
   (You found it on level 5 of the Pits of Slime)

   [amulet of magic regeneration]

   It increases your rate of magic regeneration.
   Regen:     It increases your rate of health regeneration.
   It has a curse which improves the following skills: Elements: Fire Magic, Ice
   Magic, Air Magic and Earth Magic.
   Beguiling: Conjurations, Hexes and Translocations.
 t - a ring of positive energy
 x - a ring of positive energy (right hand)
 D - a ring of willpower
 O - a ring of wizardry
 P - a ring of protection from fire (left hand)
Wands
 d - a wand of digging (1)
 r - a wand of polymorph (24)
 H - a wand of flame (33)
 I - a wand of paralysis (41)
 M - a wand of iceblast (26)
 X - a wand of mindburst (63)
Scrolls
 s - a scroll of magic mapping
 y - 2 scrolls of poison
 z - 6 scrolls of immolation
 A - 4 scrolls of vulnerability
 E - 14 scrolls of amnesia
 V - 10 scrolls of fear
Potions
 a - a potion of attraction
 i - 7 potions of brilliance
 j - 3 potions of resistance
 k - 4 potions of flight
 m - 2 potions of curing
 n - 7 potions of mutation
 o - 4 potions of might
 q - a potion of cancellation
 S - 6 potions of magic
Miscellaneous
 w - a phial of floods
 C - a phantom mirror
 N - a lightning rod (4/4)
 Q - a tin of tremorstones (2/2)
 T - a box of beasts


   Skills:
 - Level 26.0 Fighting
 - Level 19.0(21.4) Maces & Flails
 - Level 11.7(15.2) Armour
 - Level 13.0(15.6) Dodging
 - Level 15.0(17.6) Stealth
 - Level 23.4(26.5) Shields
 - Level 5.0 Spellcasting
 - Level 8.1(10.9) Summonings
 - Level 3.0(5.3) Fire Magic
 - Level 8.0(10.7) Ice Magic
 * Level 17.3 Invocations
 + Level 17.0 Evocations


You had 24 spell levels left.
You knew the following spells:

 Your Spells              Type           Power      Damage    Failure   Level
a - Ozocubu's Armour      Ice            40%        N/A       1%          3
b - Scorch                Fire           44%        2d7       4%          2
c - Summon Ice Beast      Ice/Summ       41%        N/A       3%          4
d - Call Canine Familiar  Summ           41%        N/A       1%          3

Your spell library contained the following spells:

 Spells                   Type           Power      Damage    Failure   Level
 Summon Small Mammal      Summ           100%       N/A       1%          1
 Call Imp                 Summ           82%        N/A       1%          2
 Ensorcelled Hibernation  Hex/Ice        44%        N/A       4%          2
 Hailstorm                Conj/Ice       22%        3d7       8%          3
 Summon Guardian Golem    Hex/Summ       23%        N/A       8%          3
 Necrotise                Necr           20%        1d5       22%         1
 Shock                    Conj/Air       20%        1d4       22%         1
 Apportation              Tloc           8%         N/A       24%         1
 Magic Dart               Conj           16%        1d3       24%         1
 Inner Flame              Hex/Fire       13%        N/A       24%         3
 Volatile Blastmotes      Fire/Tloc      26%        2d12      24%         3
 Animate Armour           Summ/Erth      46%        N/A       26%         4
 Summon Lightning Spire   Summ/Air       23%        N/A       26%         4
 Sublimation of Blood     Necr           5%         N/A       32%         2
 Blink                    Tloc           8%         N/A       34%         2
 Cigotuvi's Dreadful Rot  Necr/Pois/Air  10%        N/A       34%         2
 Lesser Beckoning         Tloc           8%         N/A       34%         2
 Ignite Poison            Fire/Tmut/Pois 10%        N/A       34%         3
 Summon Cactus Giant      Summ           20%        N/A       41%         6
 Swiftness                Air            5%         N/A       54%         3
 Vampiric Draining        Necr           5%         2d6       54%         3
 Dazzling Flash           Conj/Hex       8%         N/A       56%         3
 Gell's Gravitas          Tloc           4%         N/A       56%         3
 Mephitic Cloud           Conj/Pois/Air  5%         N/A       56%         3
 Spider Form              Tmut/Pois      4%         N/A       56%         3
 Teleport Other           Tloc           4%         N/A       56%         3
 Tukima's Dance           Hex            4%         N/A       56%         3
 Vhi's Electric Charge    Tloc/Air       10%        N/A       56%         3
 Metabolic Englaciation   Hex/Ice        11%        N/A       58%         5
 Summon Forest            Summ/Tloc      11%        N/A       58%         5
 Summon Mana Viper        Hex/Summ       23%        N/A       58%         5
 Flame Wave               Conj/Fire      13%        2d6       63%         4
 Sticky Flame             Conj/Fire      13%        2d4       63%         4
 Airstrike                Air            2%         2d(1-17)  91%         4
 Animate Dead             Necr           5%         N/A       91%         4
 Dispel Undead            Necr           5%         3d7       91%         4
 Anguish                  Hex/Necr       2%         N/A       92%         4
 Petrify                  Tmut/Erth      5%         N/A       92%         4
 Fireball                 Conj/Fire      6%         3d5       92%         5
 Cause Fear               Hex            2%         N/A       93%         4
 Iskenderun's Mystic Bla  Conj/Tloc      4%         2d3       93%         4
 Manifold Assault         Tloc           4%         N/A       93%         4
 Passage of Golubria      Tloc           4%         N/A       93%         4
 Monstrous Menagerie      Summ           20%        N/A       94%         7
 Ozocubu's Refrigeration  Ice            20%        4d11      95%         7
 Agony                    Necr           5%         N/A       99%         5
 Arcjolt                  Conj/Air       2%         1d12      99%         5
 Borgnjor's Vile Clutch   Necr/Erth      2%         N/A       99%         5
 Silence                  Hex/Air        2%         N/A       99%         5
 Simulacrum               Ice/Necr       11%        N/A       99%         6
 Alistair's Intoxication  Tmut/Pois      2%         N/A       100%        5
 Blade Hands              Tmut           2%         N/A       100%        5
 Irradiate                Conj/Tmut      2%         3d12      100%        5
 Iskenderun's Battlesphe  Conj           4%         2d6       100%        5
 Yara's Violent Unravell  Hex/Tmut       2%         3d3       100%        5
 Conjure Ball Lightning   Conj/Air       2%         3x3d6     100%        6
 Death Channel            Necr           2%         N/A       100%        6
 Dispersal                Tloc           2%         N/A       100%        6
 Eringya's Noxious Bog    Tmut/Pois      2%         N/A       100%        6
 Iron Shot                Conj/Erth      2%         9d2       100%        6
 Starburst                Conj/Fire      6%         6d4       100%        6
 Dragon Form              Tmut           2%         N/A       100%        7
 Enfeeble                 Hex            2%         N/A       100%        7
 Haunt                    Necr/Summ      11%        N/A       100%        7
 Malign Gateway           Summ/Tloc      11%        N/A       100%        7
 Orb of Destruction       Conj           2%         9d5       100%        7
 Storm Form               Tmut/Air       2%         N/A       100%        7
 Borgnjor's Revivificati  Necr           2%         N/A       100%        8
 Ignition                 Fire           11%        3d5       100%        8
 Infestation              Necr           2%         N/A       100%        8
 Lehudib's Crystal Spear  Conj/Erth      2%         10d2      100%        8
 Maxwell's Capacitive Co  Air            2%         ∞         100%        8
 Summon Horrible Things   Summ           20%        N/A       100%        8
 Dragon's Call            Summ           20%        N/A       100%        9
 Polar Vortex             Ice            20%        N/A       100%        9


Dungeon Overview and Level Annotations

Branches:
Dungeon (15/15)            Temple (1/1) D:4            Lair (5/5) D:10
  Swamp (4/4) Lair:2       Spider (4/4) Lair:2        Slime (5/5) Lair:5
    Orc (2/2) D:12            Elf (3/3) Orc:2        Vaults (5/5) D:13
  Crypt (1/3) Vaults:2     Depths (4/4) D:15            Zot (5/5) Depths:4
  IceCv (visited)          WizLab (visited)         Gauntlet (visited)

Altars:
Ashenzari
Cheibriados
Dithmenos
Elyvilon
Fedhas
Gozag
Hepliaklqana
Kikubaaqudgha
Makhleb
Nemelex Xobeh
Okawaru
Qazlal
Ru
Sif Muna
Trog
Uskayaw
Vehumet
Wu Jian
Xom
Yredelemnul
Zin
The Shining One
Jiyva

Shops:
D:14 :   Orc:1 =   Orc:2 =**[::   Elf:1 =   Elf:2 **   Vaults:2 *
Vaults:5 ?[?[[

Portals:
Hell: Depths:1 Depths:2 Depths:3 Depths:4
Abyss: D:11 Depths:3
Pandemonium: Depths:2
Ziggurat: Depths:1

Annotations:
Elf:2 3 runed translucent doors, exclusion: obsidian statue, Esekla's ghost, adept DEWn
Crypt:1 Frederick
Zot:4 exclusion: downstairs


Innate Abilities, Weirdness & Mutations

Your serpentine skin is tough. (AC +9)
You have supernaturally acute eyesight. (SInv)
Armour fits poorly on your strangely shaped body.
Your system is resistant to poisons. (rPois)
You cover ground very slowly.
You can spit poison.
You can use your snake-like lower body to constrict enemies.
You have a pair of small horns on your head.
Your tail ends in a venomous barb.
Your body sometimes deteriorates upon taking damage.
You are very frail. (-20% HP)
Your muscles are strong. (Str +4, Int/Dex -1)
You are vulnerable to cold. (rC-)


Message History

The Executioner hits you but does no damage.
You hit the Executioner but do no damage.
Your grab misses the Executioner. The Executioner hits you.
You block the Executioner's attack. x2
The Executioner hits you but does no damage.
You block the Executioner's attack. x2
You impale the Executioner!! You grab the Executioner.
You headbutt the Executioner!
The Executioner is severely wounded.
You constrict the Executioner. The Executioner hits you.
You block the Executioner's attack. x2
The Executioner hits you but does no damage.
You block the Executioner's attack.
The Executioner hits you but does no damage.
You impale the Executioner!!
You kill the Executioner!
There is an open door here.
There is an open door here.
There is a staircase leading out of the dungeon here.
Casting: Summon Ice Beast (mildly dangerous; 3% risk of failure)
Confirm with . or Enter, or press ? or * to list all spells.
Okay, then.
You start waiting.
A demonspawn black sun comes into view. It is wielding a +0 dire flail.
A tormentor comes into view.
As you read the scroll of butterflies, it crumbles to dust.
You hear the flapping of tiny wings.
The tormentor closely misses your butterfly.
The tormentor misses your butterfly.
The demonspawn black sun hits your butterfly with a +0 dire flail!
Your butterfly dies!
Your butterfly disappears in a burst of colours!
Unknown command.
The tormentor hits your butterfly.
Your butterfly dies!
Your butterfly disappears in a burst of colours!
The tormentor completely misses your butterfly.
The tormentor closely misses your butterfly.
The demonspawn black sun barely misses your butterfly.
You have escaped!

#.###.###....####.........####...
................'.........'......
#.###.####...####.........####...
..# #.#####..#####{.{....####...#
### #........##.........## #.....
# #######.##########.## #..... #
#.# #bbbb.#.# #..... # #.#


#bbbbb6.# ##...# # #.# #@b8bb### ##### # #.# #bbbbbb.# # #.# #bbbb.#2##########
# ##.##########..#........ # #.[.##........##.##.###. # #.........##.###.##.# #.
# #...####..##.###.##.# #. # ##### #............# #. # #.###.###.######. You
could see a demonspawn black sun (ally target) and a tormentor.

Vanquished Creatures
  the Royal Jelly (Slime:5)
  Dissolution (Slime:3)
  5 dread liches
  2 orbs of fire (Zot:5)
  2 ancient liches (Vaults:5)
  Mara (Vaults:4)
  Mennas (Depths:3)
  Josephina (Zot:4)
  Sojobo (Vaults:4)
  A Killer Klown (Zot:5)
  Parghit (Zot:4)
  Margery (Vaults:4)
  Xtahua (Vaults:2)
  A caustic shrike (Depths:3)
  8 golden dragons
  A curse toe (Zot:4)
  A profane servitor (D:15)
  A Tzitzimitl (D:15)
  Nikola (Spider:3)
  2 doom hounds (Zot:3)
  5 electric golems
  12 tentacled monstrosities
  26 Orb Guardians
  7 liches
  Grunn (Zot:3)
  3 deep elf blademasters (Elf:3)
  A walking divine tome (Depths:3)
  11 quicksilver dragons
  3 deep elf master archers (Elf:3)
  4 death cobs
  A walking frostbound tome (Depths:2)
  7 acid blobs
  6 titans (Vaults:5)
  4 tentacled starspawn
  3 Executioners
  6 sphinxes
  7 tengu reavers
  4 thorn hunters
  Kirke (Lair:4)
  15 storm dragons
  2 draconian monks (Zot:1)
  A demonspawn warmonger (D:13)
  5 azure jellies
  6 rockslimes
  15 shadow dragons
  6 deep elf sorcerers
  6 fire giants
  8 draconian knights
  9 frost giants
  A balrug (Depths:1)
  4 emperor scorpions
  4 draconian scorchers
  3 iron dragons
  12 draconian shifters
  8 ghost moths
  22 vault wardens
  An angel (D:14)
  3 deep elf elementalists (Elf:3)
  5 draconian stormcallers
  A juggernaut zombie (Abyss:3)
  3 draconian annihilators
  A curse skull (Vaults:2)
  21 ironbound preservers
  5 broodmothers
  13 ironbound thunderhulks
  9 quicksilver oozes
  2 orc warlords
  24 very ugly things
  14 stone giants
  A spriggan defender (Depths:2)
  The ghost of fitz the Severer, a journeyman HOFi of Okawaru (D:12)
  A reaper (D:13)
  3 war gargoyles
  14 green draconians
  12 black draconians
  2 vampire knights (Depths:3)
  A demonspawn black sun (Zot:1)
  The ghost of ZLogic the Unseen, a journeyman SpEn of Kikubaaqudgha (D:15)
  2 minotaurs
  7 deep elf demonologists
  12 dire elephants
  6 eleionomae
  3 spark wasps
  13 red draconians
  7 deep elf annihilators
  17 white draconians
  11 yellow draconians
  6 bunyips
  14 purple draconians
  2 blizzard demons
  Snorg (D:14)
  2 green deaths
  11 deep elf death magi
  17 ettins
  3 merfolk javelineers (Depths:2)
  6 fire dragons
  A jiangshi (Vaults:2)
  5 deep elf high priests
  18 yaktaur captains
  The ghost of odbg100 the Cleaver, a journeyman MiFi of Hepliaklqana (D:11)
  3 entropy weavers
  2 rakshasas
  12 great orbs of eyes
  Fannar (D:10)
  12 ice dragons
  A spriggan zombie (Abyss:2)
  The ghost of Solaire the Stickfighter, a journeyman MiMo of Hepliaklqana (Swamp:1)
  25 hydras
  2 hell beasts
  A jorogumo (Spider:4)
  A peacekeeper (Vaults:4)
  3 caustic shrike simulacra (IceCv)
  5 radroaches
  31 vault guards
  13 boulder beetles
  2 spriggan air magi
  A catoblepas (Gauntlet)
  2 ogre magi (Vaults:5)
  15 ironbound frosthearts
  17 centaur warriors
  2 two-headed ogres
  An anaconda (shapeshifter) (Elf:3)
  31 dancing weapons
  Erica (D:10)
  10 tengu warriors
  13 alligators
  A death yak (Lair:5)
  11 deep troll earth magi
  3 deep troll shamans
  A titan zombie (Vaults:2)
  4 thrashing horrors (Abyss:3)
  A shock serpent (Elf:1)
  7 spriggan berserkers
  5 hell knights
  2 soul eaters
  13 deep elf knights
  4 skeletal warriors (D:15)
  A fire crab (shapeshifter) (D:14)
  A spectral death yak (Lair:5)
  6 iron trolls
  A sixfirhy (Depths:1)
  2 sun demons
  6 goliath frogs
  A spatial maelstrom (Abyss:3)
  3 sun moths
  8 pharaoh ants
  A spectral anaconda (Lair:5)
  11 glowing orange brains
  2 shadow demons
  11 deep elf archers
  3 wretched stars
  The ghost of monsoonserge the Ruffian, a novice TrFi of Wu Jian (D:5)
  12 swamp dragons
  4 orb spiders
  12 orc knights
  70 deep trolls
  6 obsidian statues
  2 spriggan simulacra (IceCv)
  2 flayed ghosts
  5 bog bodies
  12 lindwurms
  11 wizards
  4 harpies (Vaults:2)
  8 phantasmal warriors
  11 necromancers
  24 deep elf pyromancers
  16 ironbound convokers
  24 deep elf zephyrmancers
  4 steelbarb worms
  21 wolf spiders
  20 starcursed masses
  4 shining eyes
  A frost giant zombie (Vaults:2)
  An elephant (shapeshifter) (Elf:1)
  5 will-o-the-wisps
  25 moths of wrath
  3 cyclopes
  54 ugly things
  13 orc sorcerers
  A shining eye (shapeshifter) (D:15)
  2 worldbinders (Abyss:3)
  A fire giant skeleton (Depths:2)
  10 large abominations
  A sphinx skeleton (Depths:2)
  A dire elephant zombie (Lair:5)
  A frost giant skeleton (Depths:2)
  17 elephants
  A guardian serpent (Abyss:2)
  A human skeleton (Vaults:2)
  8 demonic crawlers
  2 apocalypse crabs
  A rust devil (D:14)
  6 smoke demons
  11 cane toads
  A toenail golem (D:11)
  6 black mambas
  2 eyes of devastation
  An ice statue (D:14)
  27 vault sentinels
  A storm dragon simulacrum (Zot:4)
  A yaktaur zombie (Vaults:2)
  3 torpor snails
  A hellion (WizLab)
  2 gargoyles
  Psyche (D:10)
  A kobold demonologist (Abyss:2)
  2 efreet
  6 komodo dragons
  7 freezing wraiths
  7 rime drakes
  3 ancient zymes
  An ice devil (WizLab)
  2 tengu conjurers
  41 yaktaurs
  A ghost moth simulacrum (Zot:4)
  A yaktaur skeleton (Vaults:2)
  4 red devils (Elf:1)
  An anaconda simulacrum (IceCv)
  3 golden dragon simulacra (IceCv)
  A queen bee (Zot:3)
  4 trolls
  A bloated husk (Swamp:2)
  6 meliai
  A harpy zombie (Abyss:1)
  4 hellwings (D:15)
  18 tarantellas
  14 hornets
  Grinder (D:5)
  6 tyrant leeches
  11 raiju
  3 blink frogs (Lair:3)
  A spectral elephant (Lair:5)
  An ettin zombie (Vaults:2)
  A snapping turtle (shapeshifter) (Vaults:5)
  A raiju (shapeshifter) (D:15)
  4 air elementals
  A fire giant simulacrum (Depths:2)
  112 slime creatures
  Sigmund (D:3)
  26 jumping spiders
  A centaur simulacrum (D:15)
  5 ynoxinuls
  A flying skull (Abyss:3)
  A vampire (D:13)
  13 wyverns
  12 spriggans
  4 shadows
  27 culicivoras
  15 water elementals
  3 wraiths
  A neqoxec (Abyss:3)
  10 basilisks
  34 yaks
  22 fire elementals
  3 fire bats (Abyss:3)
  14 golden eyes
  11 chaos spawn
  A yaktaur simulacrum (Vaults:2)
  8 humans
  32 redbacks
  8 vampire mosquitoes
  A death yak simulacrum (Lair:5)
  A redback (shapeshifter) (Depths:1)
  7 steam dragons
  4 small abominations
  A spectral cane toad (Lair:5)
  19 swamp worms
  8 wargs
  A purple draconian simulacrum (Zot:4)
  2 acid dragons (D:11)
  3 hell hounds
  3 floating eyes
  3 hydra simulacra (IceCv)
  An ogre zombie (Vaults:2)
  13 water moccasins
  A floating eye (shapeshifter) (Vaults:5)
  2 moth of wrath simulacra (Zot:4)
  10 swamp drakes
  2 black bears (shapeshifter)
  2 human zombies (Vaults:2)
  3 sky beasts (D:7)
  4 black bears
  28 orc warriors
  An alligator simulacrum (IceCv)
  2 ettin simulacra (IceCv)
  3 ice beasts
  10 ogres
  14 wolves
  13 centaurs
  6 elf zombies (Elf:1)
  2 kobold brigands
  An elephant skeleton (Lair:5)
  A phantom (D:5)
  A nameless horror (Slime:2)
  Blork the orc (D:5)
  5 bullfrogs
  2 gnoll sergeants
  2 earth elementals (Elf:1)
  2 scorpions
  A cane toad simulacrum (Lair:5)
  A deep troll simulacrum (IceCv)
  8 wights
  2 elephant simulacra (Lair:5)
  12 killer bees
  7 jellies
  12 electric eels
  7 howler monkeys
  7 hounds
  A quasit (Abyss:2)
  7 orc priests
  A gnoll bouda (D:8)
  A sleepcap (D:6)
  An iguana (D:5)
  35 orc wizards
  4 hell rats (Lair:3)
  20 gnolls
  4 river rats (D:7)
  6 adders
  A shadow imp (Abyss:2)
  4 white imps
  2 dart slugs
  91 orcs
  13 endoplasms
  2 giant cockroaches
  5 goblins
  2 hobgoblins
  8 jackals
  4 quokkas
  10 ball pythons
  5 bats
  2 frilled lizards
  A frilled lizard (shapeshifter) (Vaults:5)
  30 kobolds
  3 rats
  4 butterflies (Lair:1)
2411 creatures vanquished.

Vanquished Creatures (collateral kills)
  An azure jelly (Slime:4)
  A slime creature (Slime:2)
  A chaos spawn (Abyss:3)
  2 neqoxecs (Abyss:2)
  A starcursed mass (Abyss:3)
  An iron imp (Abyss:2)
7 creatures vanquished.

Vanquished Creatures (others)
  A pandemonium lord (D:13)
  A fire giant (Depths:2)
  A draconian scorcher (Zot:1)
  A vampire knight (Depths:1)
  A deep elf knight (Elf:2)
  A deep elf pyromancer (Elf:2)
  2 deep elf zephyrmancers (Elf:1)
  A hell hound (Abyss:3)
  3 orc wizards (Orc:2)
  7 orcs
  A kobold (D:8)
  15 foxfires
  11 starspawn tentacles
46 creatures vanquished.

Grand Total: 2464 creatures vanquished

Notes
Turn   | Place    | Note
-------+----------+-------------------------------------------
     0 | D:1      | Nonny the Naga Cinder Acolyte began the quest for the Orb.
     0 | D:1      | Reached XP level 1. HP: 21/21 MP: 2/2
    13 | D:1      | Starting vault: 2 doors and a statue
   256 | D:1      | Classic 4chamber floor.
   373 | D:1      | Reached skill level 1 in Stealth
   373 | D:1      | Reached XP level 2. HP: 19/28 MP: 3/3
   841 | D:1      | Reached XP level 3. HP: 20/34 MP: 4/4
  1059 | D:2      | Found Zijusset's Magic Scroll Shop.
  1064 | D:2      | Bought a scroll of identify for 28 gold pieces
  1065 | D:2      | Bought a scroll of identify for 28 gold pieces
  1096 | D:2      | Found a faded altar of an unknown god.
  1456 | D:2      | Reached XP level 4. HP: 42/42 MP: 5/5
  1736 | D:3      | Reached XP level 5. HP: 35/49 MP: 6/6
  1843 | D:3      | Found a basalt altar of Yredelemnul.
  1843 | D:3      | Found a shimmering blue altar of Sif Muna.
  1873 | D:3      | Noticed Sigmund
  1888 | D:3      | Killed Sigmund
  1889 | D:3      | Reached skill level 5 in Maces & Flails
  1889 | D:3      | Reached skill level 1 in Shields
  1889 | D:3      | Reached XP level 6. HP: 36/56 MP: 7/7
  2397 | D:3      | staff of earth
  2511 | D:4      | amulet of reflection, found near gnolls
  2597 | D:4      | Found a staircase to the Ecumenical Temple.
  2624 | Temple   | Entered the Ecumenical Temple
  2625 | Temple   | Temple: THE CIRCLE
  2627 | D:4      | Temple entrance: square of water with tree corners
  2675 | D:4      | Found an opulent altar of Gozag.
  2795 | D:4      | Manual of staves hidden in northeast corner
  2864 | D:3      | D:4 uphatch somewhat viable for orbrun.
  3015 | D:5      | Entered Level 5 of the Dungeon
  3055 | D:5      | Reached XP level 7. HP: 33/62 MP: 8/8
  3135 | D:5      | HP: 2/93 [gnoll/+0 club[a gnoll sergeant] (5)]
  3482 | D:5      | kobold ritual vault
  3725 | D:5      | Found a runed translucent gate.
  3726 | D:5      | Found a runed translucent gate.
  3727 | D:5      | Found a runed translucent gate.
  3728 | D:5      | Noticed monsoonserge's ghost (novice TrFi)
  3801 | D:5      | Noticed Grinder
  3820 | D:5      | Killed Grinder
  3821 | D:5      | Reached XP level 8. HP: 51/69 MP: 9/9
  3856 | D:5      | Reached skill level 5 in Shields
  4111 | D:5      | Found a shimmering altar of Xom.
  4144 | D:5      | Noticed Blork the orc
  4153 | D:5      | Killed Blork the orc
  4681 | D:6      | Reached XP level 9. HP: 56/76 MP: 10/10
  4765 | D:6      | staff of fire
  4792 | D:6      | Xom's chessboard
  5032 | D:7      | Found an opulent altar of Gozag.
  5400 | D:7      | Learned a level 3 spell: Ozocubu's Armour
  5518 | D:6      | D:7 uphatch viable for orbrun
  5826 | D:7      | Reached skill level 10 in Maces & Flails
  5826 | D:7      | Reached XP level 10. HP: 78/84 MP: 11/11
  6266 | D:8      | Noticed a two-headed ogre
  6278 | D:8      | Killed a two-headed ogre
  6310 | D:8      | Noticed a four-headed hydra
  6323 | D:8      | Killed a four-headed hydra
  6324 | D:8      | Reached skill level 4 in Fighting
  6324 | D:8      | Reached skill level 5 in Stealth
  6324 | D:8      | Reached skill level 10 in Shields
  6540 | D:8      | Found an ornate altar of the Wu Jian Council.
  6563 | D:8      | triple sword
  7014 | D:9      | killer bee and electric eel floor
  7565 | D:9      | Identified the +5 robe "Binunn" {Str+6 Slay-3}
  7583 | D:9      | Found a bloodstained altar of Trog.
  7621 | D:9      | Reached XP level 11. HP: 39/93 MP: 12/12
  7912 | D:10     | Entered Level 10 of the Dungeon
  7913 | D:10     | Noticed Psyche
  8030 | D:10     | Found a stormy altar of Qazlal.
  8106 | D:10     | Noticed Erica
  8211 | D:10     | Killed Erica
  8212 | D:10     | Reached skill level 5 in Fighting
  8235 | D:10     | Reached skill level 1 in Armour
  8270 | D:10     | Found a staircase to the Lair.
  8288 | D:10     | staff of conjuration in southeast
  8546 | D:10     | Killed Psyche
  8587 | D:10     | Reached skill level 1 in Ice Magic
  8591 | D:10     | Reached skill level 1 in Dodging
  8599 | D:10     | Noticed Fannar
  8664 | D:10     | Killed Fannar
  8800 | D:10     | Noticed a boulder beetle
  8841 | D:10     | Killed a boulder beetle
  9117 | Lair:1   | Entered Level 1 of the Lair of Beasts
  9875 | Lair:2   | Found a hole to the Spider Nest.
  9897 | Lair:2   | Reached XP level 12. HP: 70/103 MP: 13/13
  9981 | Lair:2   | Found a staircase to the Swamp.
 10807 | Lair:3   | Identified a scroll of acquirement
 10818 | Lair:3   | Acquired a +1 barding of cold resistance
 10825 | Lair:3   | Passed up a manual of stealth for that.
 10959 | Lair:3   | Reached skill level 6 in Fighting
 11295 | Lair:3   | Reached skill level 5 in Ice Magic
 11414 | Lair:3   | Noticed a four-headed hydra
 11437 | Lair:3   | Killed a four-headed hydra
 11500 | Lair:3   | Gained mutation: You can use your snake-like lower body to
                  | constrict enemies. [Naga growth]
 11500 | Lair:3   | Reached XP level 13. HP: 62/112 MP: 14/14
 11519 | Lair:3   | Reached skill level 15 in Shields
 12578 | Lair:4   | Noticed Kirke
 12595 | Lair:4   | Killed Kirke
 13458 | D:5      | Killed monsoonserge's ghost
 13704 | Lair:5   | Entered Level 5 of the Lair of Beasts
 13939 | Lair:5   | Reached skill level 7 in Fighting
 14055 | Lair:5   | Found a staircase to the Slime Pits.
 14102 | Lair:5   | Identified the +2 robe of the Shoals {Dex+2 Slay+3}
 14264 | Lair:5   | Acquirement scroll in southeast-center of floor.
 14264 | Lair:5   | Acquired 711 gold pieces
 14492 | Lair:5   | Electric eel island with basilisk in southwest.
 14573 | Lair:5   | Noticed a dire elephant
 15275 | D:11     | Reached XP level 14. HP: 113/123 MP: 19/19
 15540 | D:11     | Noticed odbg100's ghost (journeyman MiFi)
 15542 | D:11     | Found a transporter.
 15561 | D:11     | Found a transporter.
 15631 | D:11     | Found a one-way gate to the infinite horrors of the Abyss.
 16233 | D:12     | Found a runed translucent door.
 16233 | D:12     | Noticed fitz's ghost (journeyman HOFi)
 16444 | D:12     | Found a staircase to the Orcish Mines.
 16748 | D:12     | Identified the staff of conjuration "Efisijih" {rN+ MP+9}
 16789 | Orc:1    | Entered Level 1 of the Orcish Mines
 16817 | Orc:1    | Found Ewecwul's Vocational Training.
 17129 | Orc:2    | Entered Level 2 of the Orcish Mines
 17129 | Orc:2    | Found Offi's Armour Boutique.
 17177 | Orc:2    | Found a staircase to the Elven Halls.
 17486 | Orc:1    | Found Hoteim's Jewellery Emporium.
 17675 | Orc:2    | Paralysed by an orc sorcerer for 5 turns
 17715 | Orc:2    | Ettin spawns on this floor.
 17786 | Orc:2    | Found Zefrep's Gadget Gallery.
 17835 | Orc:2    | Bought a box of beasts for 640 gold pieces
 17835 | Orc:2    | Bought a wand of digging (6) for 403 gold pieces
 17903 | Orc:2    | Reached skill level 5 in Spellcasting
 18128 | Orc:2    | Found Dorphugai's Book Shop.
 18128 | Orc:2    | Found Solusiv's Book Emporium.
 18191 | Orc:2    | Gained mutation: You are dopey. (Int -2) [a neqoxec]
 18216 | Orc:2    | Found Oforiu's Jewellery Emporium.
 18216 | Orc:2    | Found Onievvik's General Store.
 18364 | Orc:2    | Bought a potion of heal wounds for 80 gold pieces
 18364 | Orc:2    | Bought a scroll of torment for 152 gold pieces
 18521 | Orc:2    | This ending contains lots of orc wizards and sorcerors.
 18631 | D:13     | Found a gate leading to a gauntlet.
 18640 | D:13     | It's at the center of the floor, towards northwest.
 18645 | Gauntlet | Entered a Gauntlet
 18645 | Gauntlet | Found a transporter.
 18648 | Gauntlet | Found a transporter.
 18652 | Gauntlet | Found a transporter.
 18657 | Gauntlet | Found a transporter.
 18662 | Gauntlet | Found a transporter.
 18666 | Gauntlet | Found a transporter.
 18670 | Gauntlet | Found a runed translucent door.
 18671 | Gauntlet | Found a transporter.
 18673 | Gauntlet | Found a runed translucent door.
 18676 | Gauntlet | Found a transporter.
 18680 | Gauntlet | Found a transporter.
 18692 | Gauntlet | Found a transporter.
 18692 | Gauntlet | Found a transporter.
 18698 | Gauntlet | Found a transporter.
 18698 | Gauntlet | Found a runed translucent door.
 18705 | Gauntlet | Found a transporter.
 18738 | Gauntlet | Found a transporter.
 19401 | D:13     | Found a gate to the Vaults.
 19450 | D:13     | Vaults entrance in southeast. Area has two dancing long
                  | swords, shadow, and boulder beetle.
 19915 | D:14     | Found a frozen archway.
 19927 | D:14     | Ice cave entrance in southwest corner, accessed from
                  | northern door..
 19929 | IceCv    | Entered an ice cave
 20035 | IceCv    | Reached XP level 15. HP: 104/129 MP: 22/22
 20851 | IceCv    | This ice cave has high level simulacra, very ugly things,
                  | and two reapers at the end.
 21067 | D:14     | Reached skill level 1 in Evocations
 21280 | D:14     | Noticed Snorg
 21289 | D:14     | Killed Snorg
 21698 | D:14     | second manual of staves
 21843 | D:14     | Found Huwup's Book Boutique.
 21990 | D:15     | Entered Level 15 of the Dungeon
 22085 | D:15     | Found a runed translucent gate.
 22086 | D:15     | Found a runed translucent gate.
 22087 | D:15     | Found a runed translucent gate.
 22088 | D:15     | Identified the +0 plate armour "Culog" {rF+ Int+5}
 22092 | D:15     | Noticed ZLogic's ghost (journeyman SpEn)
 22621 | D:15     | Found a staircase to the Depths.
 22638 | D:15     | Depths entrance guarded by tengu warriors and stone giant.
 23020 | D:15     | Reached XP level 16. HP: 91/138 MP: 23/23
 23512 | Swamp:1  | Entered Level 1 of the Swamp
 23828 | Swamp:1  | Reached skill level 5 in Evocations
 23930 | Swamp:1  | Found a large runed translucent door.
 23930 | Swamp:1  | Found a large runed translucent door.
 23935 | Swamp:1  | Noticed Solaire's ghost (journeyman MiMo)
 23947 | Swamp:1  | Killed Solaire's ghost
 23955 | Swamp:1  | Identified the +8 falchion of Awkwardness {heavy, rElec
                  | Int+2}
 24287 | Swamp:2  | Random little vault here with 16 gold pieces and a plain
                  | trident.
 24477 | Swamp:2  | Reached skill level 8 in Fighting
 24712 | Swamp:2  | Reached skill level 5 in Dodging
 25487 | Swamp:3  | Noticed a thorn hunter
 25681 | Swamp:3  | Found a basalt altar of Yredelemnul.
 25960 | Swamp:3  | Identified the +1 scale mail of the Glimmering Gods {Fly
                  | rC+ Will+ rCorr}
 26031 | Swamp:3  | Noticed a thorn hunter
 26043 | Swamp:3  | Killed a thorn hunter
 26332 | Swamp:3  | Reached skill level 9 in Fighting
 26503 | Swamp:3  | Killed a thorn hunter
 26606 | Swamp:4  | Entered Level 4 of the Swamp
 26665 | Swamp:4  | Noticed a thorn hunter
 26665 | Swamp:4  | Noticed a thorn hunter
 26672 | Swamp:4  | Killed a thorn hunter
 26673 | Swamp:4  | Reached XP level 17. HP: 83/151 MP: 24/24
 27255 | Swamp:4  | Reached skill level 10 in Fighting
 27632 | Swamp:4  | Reached skill level 5 in Armour
 28026 | Swamp:4  | Got a decaying rune of Zot
 28027 | Swamp:4  | Swamp ending is that one vault full of swamp drakes, swamp
                  | dragons, and hydras.
 28294 | Spider:1 | Entered Level 1 of the Spider Nest
 29388 | Spider:2 | Reached skill level 11 in Fighting
 29458 | Spider:2 | Learned a level 2 spell: Scorch
 29983 | Spider:2 | Reached skill level 10 in Stealth
 30882 | Spider:3 | Reached XP level 18. HP: 166/166 MP: 25/25
 30925 | Spider:3 | Noticed Nikola
 30936 | Spider:3 | Killed Nikola
 31702 | Spider:3 | Reached skill level 12 in Fighting
 32159 | Spider:4 | Entered Level 4 of the Spider Nest
 33181 | Spider:4 | Identified the +8 short sword "Qenoa" {flame, rElec Int+4
                  | Dex+3}
 33905 | Spider:4 | Reached skill level 13 in Fighting
 34534 | Spider:4 | Identified the scarf of the Old and Reckless {shadows, rC+}
 34558 | Spider:4 | Got a gossamer rune of Zot
 34569 | Spider:4 | Scarves of resistance AND shadows here. too.
 34569 | Spider:4 | >no long-necked race that can wear multuple scarves
 34588 | Spider:4 | Identified the +6 dagger "Irareto" {speed, rPois Dex+3}
 34973 | D:2      | Bought a scroll of enchant armour for 105 gold pieces
 34974 | D:2      | Bought a scroll of enchant weapon for 105 gold pieces
 34975 | D:2      | Bought a scroll of teleportation for 42 gold pieces
 34975 | D:2      | Bought a scroll of fog for 56 gold pieces
 34975 | D:2      | Bought a scroll of fear for 56 gold pieces
 34975 | D:2      | Bought a scroll of identify for 28 gold pieces
 34975 | D:2      | Bought a scroll of amnesia for 56 gold pieces
 35239 | Orc:1    | Bought a manual of Evocations for 1040 gold pieces
 35334 | Vaults:1 | Entered Level 1 of the Vaults
 35757 | Vaults:1 | You are sucked into a shaft and drop 1 floor!
 35757 | Vaults:2 | Found a staircase to the Crypt.
 35763 | Vaults:2 | Noticed Xtahua
 35769 | Vaults:1 | Identified the +6 flail of Seept {vamp, rCorr SInv}
 36368 | Vaults:1 | Reached XP level 19. HP: 120/181 MP: 18/26
 36705 | Vaults:1 | Reached skill level 14 in Fighting
 38003 | Lair:5   | Got Kikubaaqudgh's Omnibus of the Dead
 40274 | Vaults:2 | Reached XP level 20. HP: 193/193 MP: 27/27
 40290 | Vaults:2 | Reached skill level 15 in Fighting
 40765 | Vaults:2 | Found Qexock's Assorted Antiques.
 40791 | Vaults:2 | Bought a scroll of magic mapping for 240 gold pieces
 40791 | Vaults:2 | Bought 2 potions of cancellation for 512 gold pieces
 41290 | Vaults:2 | Reached skill level 10 in Evocations
 41460 | Vaults:2 | Paralysed by Xtahua for 4 turns
 41487 | Vaults:2 | Killed Xtahua
 42094 | Vaults:3 | Reached skill level 16 in Fighting
 42335 | Vaults:3 | Identified the +5 flail "Alacsiaq" {flame, Fly rElec Will-
                  | Str+2}
 42554 | Vaults:3 | Identified the +7 glaive of Earthquakes {flame, Drain rN+
                  | Str+2}
 43390 | Vaults:3 | Reached skill level 17 in Fighting
 44247 | Vaults:3 | Reached XP level 21. HP: 210/210 MP: 28/28
 45098 | Vaults:4 | Noticed Margery
 45125 | Vaults:4 | Killed Margery
 45424 | Vaults:4 | Reached skill level 18 in Fighting
 45439 | Vaults:4 | Reached skill level 15 in Stealth
 45597 | Vaults:4 | Noticed Mara
 45598 | Vaults:4 | Noticed Nonny's illusion
 46050 | Vaults:4 | Noticed Nonny's illusion
 46052 | Vaults:4 | Killed Mara
 46530 | Vaults:4 | Noticed a golden dragon
 46548 | Vaults:4 | Reached skill level 19 in Fighting
 46567 | Vaults:4 | Killed a golden dragon
 46573 | Vaults:4 | Reached skill level 1 in Invocations
 46575 | Vaults:4 | Noticed Sojobo
 47026 | Vaults:4 | Killed Sojobo
 48125 | Elf:1    | Entered Level 1 of the Elven Halls
 48390 | Elf:1    | You are sucked into a shaft and drop 1 floor!
 48459 | Elf:2    | Hot damn! This Hall of Blades layout is new to me.
 48494 | Elf:2    | Paralysed by a floating eye for 2 turns
 48840 | Elf:2    | Reached XP level 22. HP: 228/228 MP: 29/29
 49030 | Elf:2    | Reached skill level 20 in Fighting
 49049 | Elf:2    | Found a runed translucent gate.
 49049 | Elf:2    | Found a runed translucent gate.
 49049 | Elf:2    | Found an opulent altar of Gozag.
 49050 | Elf:2    | Found a runed translucent gate.
 49052 | Elf:2    | Found Momy's Assorted Antiques.
 49052 | Elf:2    | Noticed Esekla's ghost (adept DEWn)
 49165 | Elf:2    | Found Kufuvewn's Assorted Antiques.
 49815 | Elf:2    | Found a runed translucent gate.
 49815 | Elf:2    | Found a runed translucent gate.
 49815 | Elf:2    | Found a runed translucent gate.
 50395 | Elf:2    | Bought an ivory ring for 180 gold pieces
 50603 | Elf:1    | Found Goiv's Jewellery Emporium.
 50781 | Elf:1    | Bought a +5 ring of evasion for 540 gold pieces
 51080 | Elf:3    | Entered Level 3 of the Elven Halls
 51210 | Elf:3    | Paralysed by an air elemental for 1 turns
 51467 | Elf:3    | Reached skill level 15 in Evocations
 51929 | Elf:3    | Reached skill level 21 in Fighting
 52304 | Elf:3    | Identified the +5 scale mail "Nimiuwn" {Harm *Slow Str+4}
 52352 | Elf:3    | Gained mutation: You occasionally lose the ability to read
                  | scrolls when taking damage. [a cacodemon]
 52451 | Elf:3    | Lost mutation: You are dopey. (Int -2) [potion of mutation]
 52451 | Elf:3    | Lost mutation: You occasionally lose the ability to read
                  | scrolls when taking damage. [potion of mutation]
 52451 | Elf:3    | Gained mutation: Your mind is acute. (Int +4, Str/Dex -1)
                  | [potion of mutation]
 52451 | Elf:3    | Gained mutation: Your mind is very acute. (Int +8, Str/Dex
                  | -2) [potion of mutation]
 52969 | Elf:3    | Identified the +6 rapier of the Eternal Warrior {venom,
                  | Fly}
 53578 | Elf:3    | Identified the staff of conjuration "Iwuaw" {rC++}
 53583 | Elf:3    | Got the Incunabulum of Teratogeny
 53592 | Elf:3    | manual of fighting
 53597 | Elf:3    | Identified the staff of poison "Arou" {rPois rN+ Str-5
                  | Int+2 SInv}
 53602 | Elf:3    | Identified the staff of poison "Kosmomeq" {rPois rF+ Int+3
                  | Dex-4}
 53629 | Elf:3    | Identified the +5 great mace of Borheus {speed, MP+9 Dex+3}
 53989 | D:11     | Killed odbg100's ghost
 54386 | D:12     | Killed fitz's ghost
 54487 | D:15     | Killed ZLogic's ghost
 54517 | Depths:1 | Entered Level 1 of the Depths
 54550 | Depths:1 | Found a magical portal.
 54554 | Depths:1 | Wizlab entrance in north, towards the west. Not far from
                  | entrance, really.
 54557 | WizLab   | Entered Doroklohe's Tomb
 55088 | Depths:1 | Paralysed by a floating eye for 3 turns
 55099 | Depths:1 | FIRST LICH KILL; blown up by his own orb of destruction
 55181 | Depths:1 | Found a blossoming altar of Fedhas.
 55540 | Depths:1 | Reached XP level 23. HP: 229/242 MP: 30/30
 55588 | Depths:1 | Random little peaceful swamp in the north.
 55603 | Depths:1 | Found a one-way gateway to a ziggurat.
 55619 | Depths:1 | You are sucked into a shaft and drop 1 floor!
 55808 | Depths:2 | Found an ornate altar of the Wu Jian Council.
 55824 | Depths:2 | Wu Jian altar vault in northwest corner is a safe spot.
 55836 | Depths:2 | Found a one-way gate leading to the halls of Pandemonium.
 56398 | Depths:2 | Found a gateway to Hell.
 56509 | Depths:2 | Reached skill level 22 in Fighting
 57783 | Depths:2 | Deep water trail vault accessed from southeast corner.
                  | Nothing too special in here. Contains regular Depths
                  | enemies, water elementals, and merfolk javelineers.
 58213 | Depths:2 | Depths:3 uphatch leads to northeastern corner of Depths:2.
 58653 | Depths:3 | Found a shadowy altar of Dithmenos.
 58739 | Depths:3 | Noticed Mennas
 58775 | Depths:3 | This floor has a massive stone wall hexagon taking up a lot
                  | of it.
 58775 | Depths:3 | Mennas is in the south, btw.
 59034 | Depths:3 | Noticed a caustic shrike
 59035 | Depths:3 | I entered into the hexagon's northeast door, which has a
                  | deep troll group, ettins, and a wizard behind it. Caustic
                  | shrike is found in the next door.
 59063 | Depths:3 | Lone ettin in eastern hexagon room.
 59125 | Depths:3 | Ice dragon and shadow dragon south of lone ettin room.
 59155 | Depths:3 | Divine tome and fire dragon in next room, also accessed
                  | from southwestern door.
 59404 | Depths:3 | Room past earth staff and teleport scroll has vampire
                  | knight and phantasmal warriors.
 59484 | Depths:3 | Western room of hexagon has flayed ghost, fire giant, ice
                  | dragon, and tengu reaver. Actually pretty nasty combo.
 59724 | Depths:3 | Killed a caustic shrike
 59727 | Depths:3 | Ice giant and shadow dragon also in caustic shrike room.
                  | Zot trap is in there, too.
 60174 | Depths:3 | Penultimate room in hexagon center has iron dragon, deep
                  | trolls, and spriggan berserker.
 60491 | Depths:3 | Reached skill level 23 in Fighting
 60608 | Depths:3 | Final room has rakshasas. No loot.
 61184 | Depths:3 | Killed Mennas
 61319 | Depths:4 | Entered Level 4 of the Depths
 61623 | Depths:4 | Noticed a golden dragon
 61669 | Depths:4 | Reached XP level 24. HP: 256/256 MP: 30/30
 62758 | Depths:4 | Waterlogged area in northwest.
 62762 | Depths:4 | Open floor with Zot entrance vault in northwest-center.
 63101 | Depths:4 | Learned a level 4 spell: Summon Ice Beast
 63287 | Depths:4 | Found a gate to the Realm of Zot.
 63305 | Depths:4 | Reached skill level 1 in Summonings
 63780 | Depths:3 | Voluntarily entered the Abyss.
 63928 | Depths:3 | Escaped the Abyss
 63930 | Depths:3 | Voluntarily entered the Abyss.
 64298 | Abyss:2  | Reached skill level 10 in Dodging
 64445 | Depths:3 | Escaped the Abyss
 64447 | Depths:3 | Voluntarily entered the Abyss.
 64494 | Abyss:3  | Found a corrupted altar of Lugonu.
 64552 | Abyss:3  | Found a corrupted altar of Lugonu.
 64600 | Abyss:3  | Paralysed by an air elemental for 1 turns
 64796 | Abyss:3  | Reached skill level 24 in Fighting
 64863 | Abyss:3  | Gained mutation: You are frail. (-10% HP) [a neqoxec]
 64867 | Abyss:3  | Gained mutation: Your spells are a little easier to cast,
                  | but a little less powerful. [a neqoxec]
 64868 | Depths:3 | Escaped the Abyss
 65028 | Depths:3 | Voluntarily entered the Abyss.
 65101 | Abyss:3  | Found a corrupted altar of Lugonu.
 65105 | Abyss:3  | Gained mutation: Your body sometimes deteriorates upon
                  | taking damage. [a neqoxec]
 65110 | Abyss:3  | Gained mutation: You are weak. (Str -2) [a neqoxec]
 65118 | Abyss:3  | Paralysed by accursed screaming for 1 turns
 65358 | Depths:3 | Escaped the Abyss
 65363 | Depths:3 | Lost mutation: You are weak. (Str -2) [potion of mutation]
 65363 | Depths:3 | Lost mutation: Your mind is very acute. (Int +8, Str/Dex
                  | -2) [potion of mutation]
 65363 | Depths:3 | Lost mutation: Your mind is acute. (Int +4, Str/Dex -1)
                  | [potion of mutation]
 65363 | Depths:3 | Gained mutation: You have an increased reservoir of magic.
                  | (+10% MP) [potion of mutation]
 65363 | Depths:3 | Gained mutation: Your tail ends in a venomous barb. [potion
                  | of mutation]
 65364 | Depths:3 | Lost mutation: Your spells are a little easier to cast, but
                  | a little less powerful. [potion of mutation]
 65364 | Depths:3 | Lost mutation: You have an increased reservoir of magic.
                  | (+10% MP) [potion of mutation]
 65364 | Depths:3 | Gained mutation: You are covered in fur. (AC +1) [potion of
                  | mutation]
 65364 | Depths:3 | Gained mutation: You have a pair of small horns on your
                  | head. [potion of mutation]
 65364 | Depths:3 | Lost mutation: You are frail. (-10% HP) [potion of
                  | mutation]
 66103 | Depths:1 | Strange elf vault here.
 66396 | Vaults:5 | Entered Level 5 of the Vaults
 66402 | Vaults:5 | Reached skill level 10 in Armour
 66410 | Vaults:5 | Reached skill level 5 in Summonings
 66774 | Vaults:5 | A vault warden spawns in the absolute southeastern corner.
 67048 | Vaults:5 | Reached XP level 25. HP: 195/270 MP: 30/30
 67084 | Vaults:4 | Rising Flame escape! Out of teleport scrolls. :(
 67722 | Slime:1  | Entered Level 1 of the Pits of Slime
 68815 | Slime:3  | Reached skill level 25 in Fighting
 68941 | Slime:4  | Noticed Dissolution
 68951 | Slime:3  | Killed Dissolution
 68986 | Slime:4  | Gained mutation: Your body often deteriorates upon taking
                  | damage. [a shining eye]
 69121 | Slime:5  | Entered Level 5 of the Pits of Slime
 69977 | Slime:5  | Gained mutation: You are vulnerable to heat. (rF-) [a
                  | shining eye]
 70032 | Slime:5  | Found the +6 arbalest "Damnation" {damnation}
 70041 | Slime:5  | Noticed the Royal Jelly
 70050 | Slime:5  | Found a viscous altar of Jiyva.
 70635 | Slime:5  | Found the amulet of Vitality {RegenMP++ Regen++}
 70665 | Slime:5  | Killed the Royal Jelly
 71069 | Slime:5  | Most insane TRJ kill I've done. Butterflies did so much
                  | work, but the clean up afterwards was actually scarier than
                  | fighting the TRJ in a corridor with butterflies.
 71075 | Slime:5  | HELL YEAH!
 71104 | Slime:5  | Got the Commentary on Damage
 71129 | Slime:5  | Identified the +10 sling of Fate {flame, Int+4}
 71159 | Slime:5  | Got a slimy rune of Zot
 71177 | Slime:5  | Identified the +0 trident of Vonkixesm {drain, *Corrode rF+
                  | MP+9}
 71719 | Temple   | Fell from the grace of Ignis
 71719 | Temple   | Became a worshipper of Ashenzari the Shackled
 71720 | Temple   | Farewell Ignis. ;_;
 72046 | Zot:1    | Entered Level 1 of the Realm of Zot
 73863 | Zot:2    | Reached * piety under Ashenzari
 74316 | Zot:2    | Reached ** piety under Ashenzari
 74548 | Zot:1    | Zot:2 uphatch leads to northwestern Zot:1, far away from
                  | Zot exit (eastern side).
 74895 | Zot:2    | Reached XP level 26. HP: 258/284 MP: 30/30
 74960 | Zot:2    | Identified the Octavo of Articulation
 74998 | Zot:2    | Reached skill level 26 in Fighting
 75172 | Zot:2    | Identified the +1 flail of Okawaru's Hope {pain, rC+}
 75182 | Zot:2    | Lava pit in west is dragon vault.
 75220 | Zot:2    | Identified the +2 chain mail of Valiance {Int+3}
 75577 | Zot:2    | Zot:2 is not too scary, even if it is an open floor. It
                  | only has some draconian packs here and there, perhaps a
                  | couple moths of wrath, that dragons vault, and a few other
                  | enemies about.
 75682 | Zot:3    | Noticed Grunn
 75700 | Zot:3    | Killed Grunn
 75959 | Zot:3    | Identified the Quarto of Maleficent Rites
 76150 | Zot:3    | Nothing past this +2 heavy spear westwards.
 76325 | Zot:2    | Zot:3 uphatch seems viable for orbrun.
 76464 | Zot:3    | Grum is encountered in this eastern hallway that's accessed
                  | from the southeast corner.
 76631 | Zot:3    | No enemies in this northeastern corner.
 76724 | Zot:3    | Reached skill level 5 in Invocations
 77124 | Zot:3    | You are sucked into a shaft and drop 1 floor!
 77124 | Zot:4    | Was forgiven by Ignis
 77125 | Zot:4    | >Ignis, with one final cry of rage, burns out of existence.
 77125 | Zot:4    | At least Ignis lead me to another teleport scroll. :)
 77283 | Zot:4    | Reached skill level 15 in Maces & Flails
 77475 | Zot:4    | Identified the ring "Qouzxec" {Ice rElec}
 77475 | Zot:4    | Noticed Josephina
 77487 | Zot:4    | Killed Josephina
 78177 | Zot:4    | Noticed Parghit
 78204 | Zot:4    | Learned a level 3 spell: Call Canine Familiar
 78388 | Zot:4    | Killed Parghit
 78616 | Zot:5    | Entered Level 5 of the Realm of Zot
 78616 | Zot:5    | Noticed an orb of fire
 78619 | Zot:4    | Northeastern Zot:4 downstairs leads to orb of fire and
                  | other enemies.
 78643 | Zot:4    | Lost mutation: You are vulnerable to heat. (rF-) [potion of
                  | mutation]
 78643 | Zot:4    | Lost mutation: Your body often deteriorates upon taking
                  | damage. [potion of mutation]
 78643 | Zot:4    | Lost mutation: You are covered in fur. (AC +1) [potion of
                  | mutation]
 78643 | Zot:4    | Gained mutation: You can exhale a cloud of poison. [potion
                  | of mutation]
 78643 | Zot:4    | Gained mutation: You are frail. (-10% HP) [potion of
                  | mutation]
 79071 | Zot:5    | Reached *** piety under Ashenzari
 79187 | Zot:5    | Gained mutation: You are vulnerable to cold. (rC-) [an orb
                  | of fire]
 79187 | Zot:5    | Gained mutation: You have hidden genetic potential. [an orb
                  | of fire]
 79211 | Zot:5    | Gained mutation: You sometimes lose your temper in combat.
                  | [an orb of fire]
 79217 | Zot:5    | Gained mutation: You occasionally shout uncontrollably at
                  | your foes. [an orb of fire]
 79219 | Zot:5    | Killed an orb of fire
 79224 | Zot:5    | Lost mutation: You can exhale a cloud of poison. [potion of
                  | mutation]
 79224 | Zot:5    | Lost mutation: You occasionally shout uncontrollably at
                  | your foes. [potion of mutation]
 79224 | Zot:5    | Lost mutation: You have hidden genetic potential. [potion
                  | of mutation]
 79224 | Zot:5    | Gained mutation: You have a pair of horns on your head.
                  | [potion of mutation]
 79225 | Zot:5    | Lost mutation: Your tail ends in a venomous barb. [potion
                  | of mutation]
 79225 | Zot:5    | Lost mutation: You have a pair of horns on your head.
                  | [potion of mutation]
 79225 | Zot:5    | Lost mutation: You sometimes lose your temper in combat.
                  | [potion of mutation]
 79225 | Zot:5    | Gained mutation: Your tail ends in a venomous barb. [potion
                  | of mutation]
 79225 | Zot:5    | Gained mutation: Your muscles are strong. (Str +4, Int/Dex
                  | -1) [potion of mutation]
 80052 | Zot:5    | Noticed a dread lich
 80065 | Zot:5    | Killed a dread lich
 80645 | Vaults:5 | Reached XP level 27. HP: 248/255 MP: 30/30
 81235 | Vaults:5 | Got a silver rune of Zot
 81236 | Vaults:5 | Silver rune of zot in southeastern quadrant.
 81285 | Vaults:5 | Found Ciaczu's Antique Armour Shop.
 81383 | Vaults:5 | Found Ykiyr's Antique Armour Shoppe.
 81388 | Vaults:5 | Bought a pair of embroidered gloves for 292 gold pieces
 81393 | Vaults:5 | Reached **** piety under Ashenzari
 81410 | Vaults:5 | Noticed an ancient lich
 81418 | Vaults:5 | Killed an ancient lich
 81535 | Vaults:5 | Found Deet's Distillery.
 81553 | Vaults:5 | Bought a potion of experience for 750 gold pieces
 81561 | Vaults:5 | Found Goiwes's Magic Scroll Shoppe.
 81569 | Vaults:5 | Bought a scroll of fog for 84 gold pieces
 81569 | Vaults:5 | Bought a scroll of fear for 84 gold pieces
 81569 | Vaults:5 | Bought a scroll of magic mapping for 157 gold pieces
 81576 | Vaults:5 | Found Suzxuduo's Magic Scroll Boutique.
 81591 | Vaults:5 | Bought a scroll of fear for 68 gold pieces
 81591 | Vaults:5 | Bought a scroll of fear for 68 gold pieces
 81591 | Vaults:5 | Bought a scroll of enchant armour for 127 gold pieces
 81591 | Vaults:5 | Bought a scroll of enchant armour for 127 gold pieces
 81713 | Vaults:5 | Noticed an ancient lich
 81724 | Vaults:5 | Killed an ancient lich
 81742 | Vaults:5 | Noticed a dread lich
 81758 | Vaults:5 | Killed a dread lich
 81987 | Orc:1    | Bought a manual of Invocations for 1040 gold pieces
 82411 | Vaults:5 | Found Ranejiokhle's Armour Boutique.
 82659 | Vaults:5 | Bought a potion of haste for 150 gold pieces
 82659 | Vaults:5 | Bought a potion of might for 60 gold pieces
 82659 | Vaults:5 | Bought a potion of brilliance for 60 gold pieces
 82659 | Vaults:5 | Bought 2 potions of mutation for 240 gold pieces
 82659 | Vaults:5 | Bought a potion of curing for 45 gold pieces
 82659 | Vaults:5 | Bought a potion of attraction for 45 gold pieces
 82659 | Vaults:5 | Bought a potion of magic for 120 gold pieces
 82659 | Vaults:5 | Bought a potion of might for 60 gold pieces
 82659 | Vaults:5 | Bought a potion of haste for 150 gold pieces
 83434 | Crypt:1  | Entered Level 1 of the Crypt
 83436 | Crypt:1  | Noticed Frederick
 84143 | Zot:5    | Noticed an orb of fire
 84843 | Zot:5    | Killed an orb of fire
 86020 | Zot:5    | Noticed a dread lich
 86032 | Zot:5    | Killed a dread lich
 86307 | Zot:5    | Noticed an orb of fire
 86308 | Zot:5    | Reached skill level 15 in Invocations
 86809 | Zot:5    | Noticed a dread lich
 86819 | Zot:5    | Noticed a dread lich
 86820 | Zot:5    | Noticed a dread lich
 86835 | Zot:5    | Killed a dread lich
 86848 | Zot:5    | Killed a dread lich
 87020 | Zot:5    | Got the Orb of Zot
 87252 | Depths:1 | Gained mutation: You are very frail. (-20% HP) [a
                  | cacodemon]
 87372 | D:15     | Noticed Wedere the pandemonium lord
 87454 | D:13     | Noticed Kixym the pandemonium lord
 87470 | D:13     | Killed Kixym the pandemonium lord
 87837 | D:2      | Noticed Rylorist the pandemonium lord
 87957 | D:$      | Escaped with the Orb!

Illustrated notes ....# ....+ .... ... .. #######.# #.....#.# #.....'.# #<.8.@### #.....'.# #.....#.# #######..# .## ## Turn 13 on D:1: Starting vault: 2 doors and a statue #...###.#............ ##.## #.# ##.....# ###.####.# #.....# #.....##.#####....# #.#.#.##.......#.## ##.#.#.##########.# #. .........# #.##### #.# .#.#...#.# ##'....# #.# .#.....#.# #@..#..... #.# .####.##.# #......#.#. ###.# .####.#..# #...........##.#.# .........####........#.#.#....### #####.......+.................... #.......####.........####....### #.##.#..# ##.......## ##.#.# #.##.##.# ##.....## # #.# #.##.##.### .. ### ###.# Turn 256 on D:1: Classic 4chamber floor. #.### #.# #.# #. #...# #.# #.# #. .##.# #.# #.# ######. ###.####.# #.# #...... .......#.# #.# #.##### .#####.#.# #.# #.# .# #.#(# #.# #.# .# #...# #.# #.# .# #.### #@# #.##### .#####.# #)# #...... .......##### #.# ####### .##........# #.# .#########.# #.# ..## #.# #.# .#.## #.# #.# #### .##.# #.# #.# #... ....# #.# #.# #.## Turn 2397 on D:3: staff of earth ..............##.... #................... ####....).........# . ###............# .. ##............###... #............<...... ##........####...... #.##......##....... ######.....@.# ###..#### #...# #.....# ###.#.... .#...g ## ..# ## Turn 2511 on D:4: amulet of reflection, found near gnolls ######### ##8._._._## ##.........## ##_...≈.≈..._## #...≈≈≈.≈≈≈...# #_..≈.≈.≈.≈.._# #..≈≈≈...≈≈≈..# #_.....@.....8# #..≈≈≈...≈≈≈..# #_..≈.≈.≈.≈.._# #...≈≈≈.≈≈≈...# ##_...≈.≈..._## ##.........## ##8._._._## ######### Turn 2625 on Temple: Temple: THE CIRCLE ..... #.....# .# ....##.#...### .. ... .............. ... ...##.♣♣♣.....♣♣♣ .#...>...#.♣~~~~~~~~~♣ .# .#.... #...♣~♣.....♣~♣..# $.....###...~.......~...# ...#........~.......~...# ..##........~...@...~...# ..#......#..~.......~...# ....#.#.....~.......~...# .....##....♣~♣.....♣~♣...# #...###....♣~~~~~~~~~♣...# ##.†##...#.♣♣♣.....♣♣♣ ..# ........##............ .......#############.# .#.....# Turn 2627 on D:4: Temple entrance: square of water with tree corners ######### ##.......## #..#####..# #.##...##.# .##. #.#.###.#.# .....#.##@..##.# .........####.#.# .............##.## ..........###.#..# ........... ##..# ...####...## #..### ... #.... #....## .. ....## #.....## ...... #......# Turn 2795 on D:4: Manual of staves hidden in northeast corner ..##.##.####...#.####.# #.# ..##.#.#.###....#.###.# #.# ......###.##...###.##.# #.# .....## ##....## ##...# #.# #.###.###.####.###.#### #.# #.# #..#.## ##.#.## #.#### #.# #...## ##.## #..... #.# #....# #.# #####. #.# ####.# #@# #. #.### #.# #.# #. #...# #.# #.# #. .##.# #.# #.# ######. ###.####.# #.# #...... .......#.# #.# #.##### .#####.#.# #.# #.# .# #.#(# #.# #.# .# #...# #.# #.# Turn 2864 on D:3: D:4 uphatch somewhat viable for orbrun. ....#..##..♣.# ....#...#..).# ....#...##...♣## #... #♣..PP# ## #.. #P♣.♣♣# ..# ##.♣..♣##.♣# ##♣...#...# ##.♣♣....♣.♣..♣ P..P....@..P.... ♣♣♣♣...K..K...♣. ............... P............... .....†..§§K..... .....†††§§...... ................ ...........♣..♣ Turn 3482 on D:5: kobold ritual vault .. #..## ...#.. ...... ......... .=.... ......... ......# #......# ... ##.....###.....# ###.# #......@.#....# #.... ..#...........#### #.... ..........##.....###.... ....$....###.....>...... ###............#.......( #...88888888......##... ##..8888.888.#......... #...........##......#. #......8....###....... Turn 4765 on D:6: staff of fire #............###.....>......## ##.####............#.......(.. ## #...88888888......##..... ##..8888.888.#..........# #...........##......#.## #......8....###......... #......8....# ##........ #...........# #........ ##.8888@888.# ##.#..... #.8888.888.# ####.#.. #..........# ###.. ############ .. ## Turn 4792 on D:6: Xom's chessboard ........#........##...#..#....... ....##..##...##.......#.......... ............######.#..##......... .#..#######.# ###...#......... #####.....### ##.............. .###.......### ###.............## ###....<.....###................. .#..⌠.....⌠..#....:##............ ................@#.##..#......... .##...⌠.⌠........####..##).....## .##..............###..###..#..## (...⌠.....⌠.......###.###..#### .......>...........##..##...# ..##.......#))).....#......##### .####.....##)[..##.....###)..#.# ...########..[.........#.#.#.#[## ................................. Turn 5518 on D:6: D:7 uphatch viable for orbrun .............. # #####......... <.. # #...##### ... # #...# #.# #...# #)# #...########.# ##### #####.........#[# ####..[. #.......#####.#.# #### #....... #..####.# #.#@###..♣♣♣♣♣♣♣♣♣.. ##..####.#####.#.....♣.........♣. .)...............###.♣.≈≈≈≈≈≈≈.♣. ##..####.#####)#.####♣≈..≈≈≈..≈♣. ##..##............## ♣≈.≈...≈.≈♣. .#...<...#####.....##♣≈.≈._.≈.≈♣. .#####.### ##.......#♣≈.≈...≈.≈♣. .# #.# #.........♣≈..≈≈≈..≈♣. .# ###.### ##...>...#♣.≈≈≈≈≈≈≈.♣ Turn 6563 on D:8: triple sword ### ..# >.# .. #. .# ##...######.###### ....yyy@..<....... ##~≈~####.#.###### #≈≈ #.#.# ≈ #)#.# ....# #.#.# #.... #.... #.. Turn 7014 on D:9: killer bee and electric eel floor #.......#>..#.#.# ##.......#.#.#.#.# ....#........#.#.#.#.# .............#.#.#.#.# ...###......#.#.#.#.# ...≈...#...#.#...#.# #. #...#..####.#####.# #.##..P##.# #.....^.# #....PPP..# #@####### #≈..P>P..≈####.# #....P.P..##...# #.##...##.##.### #..#...#..##.# #...≈...#.#.# .)..###....#.# .............# ............## Turn 8288 on D:10: staff of conjuration in southeast ..... ..... ..#.# ..... ..... #.+.# #.#.# #..## #...# .# ####...# . ####.##..P### #...........# ####.....@.....# ...+......†....## #.............# ##............# #............# #...†......).# #.##+P.#.#.P### ## #.#.†##### #......# Turn 10825 on Lair:3: Passed up a manual of stealth for that. ...P.#PP...# ### .........#.####.# .......#......... .......P...........< ....... #...!.........P..##. .......... #...............### .....P...###..............## ...........###..P..........# ........P....@#.....#.#....### .......P.P.#..#.........PP..P. #......P....##.......PP.#... #PP..........÷.........P... . ###...#..P...#.###..÷#..... . ##...........### #..#.#.... . #............# ##†###.... .## ##.#..........## #†###.... #.####..............# #.†...... Turn 14264 on Lair:5: Acquirement scroll in southeast-center of floor. #.........#..#.....#.P.... ##P..........#.....##...... #......../..J..#...##...... #...................#...... #........................... #........................... #........≈≈≈.......#P...#.#. #.....~.≈≈(≈≈~.....#....##.# #.....≈≈..@≈≈.....#...## ## #....≈≈....≈≈.........# # .....~≈≈.≈≈≈≈.........# # ......≈≈≈≈≈..........## ## #.........≈........##.####. ......................#.#.. .................#........ ...................#..P... .......................... Turn 14492 on Lair:5: Electric eel island with basilisk in southwest. ...##..................... ........<...∩............. .. #..........#.............) ... ##........###..........### ...# #.........###.........#### ....######......###..........##.# ....#...........###..........#... ...........#.....#.....###....... ....).......#...@.#...#.#.#..>... ....)..........#.....#........... .##.#))[..#.#.###....##.##....... #...########.....######.....< #....# #..#.## ###...# #....# ##...## #..## .....## ##...# #...## ....### ##.## #..## ...## ### #... Turn 17715 on Orc:2: Ettin spawns on this floor. ##.......#..##.#))[..#.#.###... #.......##...###...########.... ##.###.####.###....# #..#. ####..# #...##....# ##... ######..#.....## ##.. #.......### ##. ##.....### ## #.....################## ##.#...@................ ##....................... #.......######..#######.# ##......#∩...#..# #.# #......#....#..#######.# #......#....#........... ##.....###'##..###.###.. #.........))...# #.# #.. #...#..###)###.# #.# #.. Turn 18521 on Orc:2: This ending contains lots of orc wizards and sorcerors. *,,*** **,** *,** *,,* ,,* ###+#### +***** #......# ,,,,,* #...∩..# ,,,,,* #......# **** ,,,,,########......# ******,,, ,,,,,+.<....#......#*****,,,,,,** ,,,,,######.'...@..+,,,,,,****** ,,,,,* ###......#******* ,,,,,* #......# ,,,,,* ####+### ***+** *,,* **,,* *****+***** ,,,** *,,,,,,,,,* +****** *,,,,,,,,>*** ********* ,,,,,,* *,,,,,,,,,+,***,,,,,,,, Turn 18640 on D:13: It's at the center of the floor, towards northwest. ##'### ###...##### #....# ##.........# #..).#### ##........<.# #....'..###...........# #.....................# #^....................# **#......#.#............# **,+.....#####...........# ,,,#......)∩....@........# ,**#.....#####.).........# ** #......#.#.....######## #..............# ##.............# *###+.########## #........# ** #........# ,* #........# Turn 19450 on D:13: Vaults entrance in southeast. Area has two dancing long swords, shadow, and boulder beetle. #####........,,**** ###.###.#..*,,,,, ##...# *,*,,,,,,,, #..#.# *,*,,*,**,* ##'#### *,*,,,,,,,, ##...##***,*,,*,*,,* #.....#*,,,,,,,,,,,, #.....#***,,,,,,,,,, #..@..#*****,,*,*,,* #..∩..#*,,,,,,,,,,,, ##...##*****,**,*,,* #####**,,,,,,,,,,,, **,,,,,,,,,,,,* *,*****,*****,* *** *** *** Turn 19927 on D:14: Ice cave entrance in southwest corner, accessed from northern door.. ##.#.....#.## ####...#### ##...# #...## #...## ##...# ##...## ##.....## #...@...# #...∩...# ##.....## ##...## ##### Turn 20851 on IceCv: This ice cave has high level simulacra, very ugly things, and two reapers at the end. ,,,,,**,,,,,,,,,,,* ***,,,,,#.... ,,,,,,*,,,,,.,,,,,*##....,,,#.... ,,,,,,*...,,..,,,,,.....,,,,#.... ,.....#....##.###,......,,,,#.... ,,....#.........#*...#..,,,,#.... ###.........#.#.##...#.######.... ,...........#.#......#.#...##..). **#.................##.#....#.... *##.............@...#............ *#..................#..##...#.... *#..........#.#####.#..##........ #.....#.........##,#..##........ #..)))#.........##.#..#####..... #..)..#............#............ #.....####.#.#.........###...... ##.......##.#.#.....#...# #...... #........##.#...........# #...... Turn 21698 on D:14: second manual of staves ##### ###............. #...# ############.....#......... ....# #≈≈....)...#....##......... ....###≈.#≈≈≈###'#....###........ .....##......#...##.............. ......'.##≈..#.>.#............... .....##......#...#............... ...####≈.#≈≈≈###'#............... ......#≈≈.......@##.............. .)....#############.............. .)...... ##.................... )........###..................... ................................. ....(............................ ..............................### ..............................# ..............................# Turn 22638 on D:15: Depths entrance guarded by tengu warriors and stone giant. ♣♣..~.~~~~.~.~..♣ ♣♣..~~.~.~.~~~~.♣ ♣~....~..~~~~~~.♣ ♣..♣♣♣♣~.~?.~...♣ ♣♣..♣♣ ♣~...~~~~.♣ ♣♣.♣♣.♣♣♣~...~.~~.♣ ♣≈≈≈≈≈≈♣♣~...~.~~.♣ ♣≈≈≈≈≈≈♣♣~~~~~~~~.♣ ♣≈≈@)≈≈♣♣.~~~~~.~.♣ ♣≈≈≈≈≈≈♣♣~♣.~♣~.~..~ ♣≈≈≈≈≈≈♣♣†~~..~.~.♣~ ♣♣♣♣♣♣♣♣♣.~~~~♣♣♣:~~ ♣>~~~~<♣ ♣♣♣ ♣..~.~.♣♣ ♣♣..♣.~..♣♣♣ ♣.~.♣♣♣♣~..♣♣ ♣♣.♣♣ ♣♣♣♣.. Turn 24287 on Swamp:2: Random little vault here with 16 gold pieces and a plain trident. .~.~~~...~..♣##...##♣~..........~ ♣..~~~..~~~~##.....##~~~~...~.~~. ..~~..♣~♣.~♣#.......# ♣~~....~..~ ~~♣♣♣♣~~~~♣##.......## .~~..~~..~ ~~..♣♣♣..~♣#.........# ~......~. ~~..~♣...♣##.........# ~...~..~. <.~.♣♣♣÷~♣##.........# ~..~..~~~. ~~~~♣♣~♣.~♣##.......##♣~~......~. ~~~~♣..÷.~♣####.@.###♣~~~..~..... .~~.♣~..)§~♣# ######♣~.~...~.~..~ ~~~~~.....§~♣♣# #♣~..!~...~..~. ~~~~♣.♣..~♣~~.♣♣##♣.~.....~~..... .§~.♣♣♣♣.♣♣♣♣...♣~~§♣..~..~.....~ ♣~...~♣§♣♣ ♣♣♣~~...~..♣♣...~.~.~ §..~.♣§.~♣ ♣♣♣♣♣.♣~♣†♣~....~.. .~~~(....♣♣ ♣♣♣♣..†......~† ~~~~~~~~~.♣♣♣ ♣♣.~~.~...†. Turn 28027 on Swamp:4: Swamp ending is that one vault full of swamp drakes, swamp dragons, and hydras. ######## ##....~^## ##...[...^## #^..@...[..## #.^..)^.....^# #^..........^## #.^..:...^....^# #^............^### #^.......(.......# .^.............^^## . ........^~.....# ....^~....#^....^## Turn 34569 on Spider:4: Scarves of resistance AND shadows here. too. ,,,,,,,,,.....#* ##.......,** ,,,,,,,,,......###........,,** ,,,,,,,,,.................,,,* ,,,,,,,,,,....e.))).......,,,* ,,,,,,,,,,,..§..).........,,,* **,,,,,,,,,###.....###....,,** **,,,,,,,** ##)..## *#...,** *,,.....# #...# *...** **,..(..## ##@## **,..,** ***.....### ### ***,,,,,,** *#(.....## **,,,,,,,,,* #.......# *,,,,,,,,,,* ##......#* **,,,,,,,,,* ###.....#** *** ***,,,,,,** ##...)..## **,** **,,,,** #.eee(()# *,,,* *,,,** *#...))..#* **,,,** **,,,,** Turn 48459 on Elf:2: Hot damn! This Hall of Blades layout is new to me. **,,**,,,,****'*###...........#)# *,,**,,,***,,,,,,,###.......#.#)# *,**,,***,,,8,,,8,,,###....##)#.# ,,,,,**,,,,,,,,,,,,,,,##..##..#.# ,,,,**,,,,**,,,,###,,,,##)#...#.# ,,,,*,,,,,*,,,###.###,,,#.....### ,,,**,,,##,,,##).)||##e.##....# ,,,*,,,##...,#/)|..|.#...#....# ,,**,,,.....##./@..).##..##...# ,,*,,,,,#...#.)))⌠..:.#...#.8.# *,*,,,,##...##).):..)##.8.#...# ,,*,,,.#....##..|).|)#....#...# ,,',,*#....##..):.|[##....'.8.# ,,*,.,,..###.8.##.###.....#...# *,*,..,,##.)..#####.....8.#...# ,,*,,..##....##.......#...#.8.# ****,..'..⌠..#.......#...##...# Turn 53592 on Elf:3: manual of fighting * *** ***~~ *##** *~*~~ #######.#,** *~~~~ #∩....#.#.** **~~, #..#......,* *,,, ******** #@..#.#.#.** **,,, **,,,..,* ##...#.#.#,* *,,,, ****,,,8#8.#*#.#.#.#.#,****,*** *,,,,,,*(#...#..#.#....,,,,,,,, *,,,,,,8#8.....#...#...*,,,,,,, *,,,,,,,.....##.#......,,,,,,,, *,,,,,,,.......#.#.#...,,,,,,,, *,,,,,,,.....##.....#.#,,,,,,,, #......................,,,,,,,, Turn 54554 on Depths:1: Wizlab entrance in north, towards the west. Not far from entrance, really. #...................... #...................... #.........######.###### #.........# #.# #<........# #.# #.).......# #.## #.........# ##..# #.........# ##...# #.....@...## #..#.# ##.###.###.###.##.# ##...............#.# #..##.###.###.##...# ##.#...........#.#.# #...##.###.##...#.# *#.#.#.......#.#.#.# *..#...*#.##...#...* *#.#.#C#..,#.#.#,##* Turn 55099 on Depths:1: FIRST LICH KILL; blown up by his own orb of destruction ### #♣♣~# ##♣~~~♣## ##### #~♣P≈~~~# ######.#.## #PP~~PP♣# ∩....#.#.## #♣P~@P.~# ..#.......# #.....## ...#.#.#.## ##.....# #...#.#.#.# #......# .#.#.#.#.####.#############****** ..#.#......................,,,,,, .#...#...#.................,,,,,, #.#........................,,,,,, .#.#.#.....................,,,*,, Turn 55588 on Depths:1: Random little peaceful swamp in the north. #.## ##.##### ######### ##.##.## * #...#.8.# ##..#.### * #.8.....# ##......# * #...#...# ##.#[.[..## * ##.###.####.#.##(##)#** #...#...##.#.##..###.#, #._.#8@.+...##...# #.# #...#...##.##....### ## *##########.#.......#*** *,,,,,,,,#............** *,,,,,,,#.....(...#(..*, **,,,,.........##.##..,, **,,~~~~D..#.##*##*.~,, *,,~~≈≈~..### ***,,~~~ *** *,,≈≈≈≈≈~.#****,,,,~~~ Turn 55824 on Depths:2: Wu Jian altar vault in northwest corner is a safe spot. ,,,,,,,,,,,*,* #≈.≈.≈######## ,,,,,,,*,,,,,* #≈.≈.≈≈≈≈≈≈≈≈## ,,,,,,,*,,~~,* #≈.≈........≈≈## ,,,,,,,,,,~~,* #≈.≈≈≈≈≈≈≈≈..≈≈## ,,,,,,,,,,~~,* #≈........≈≈..≈≈# ,,,,,,,,~~~~,* #≈.≈≈≈≈≈≈..≈≈..≈≈ ,,,,,,,,~~~~~####≈.≈####≈≈..≈≈..≈ ,,,,,,,,,,,,,#≈≈≈≈.≈≈≈≈##≈≈..≈≈.≈ ,,,,,,,,,,,,,#≈[@....)≈###≈≈..≈.≈ ,,,,,,,,,,,,,#≈≈≈≈≈≈≈≈≈# ##≈≈.≈.≈ .....,,,,,,,,###############≈.≈.≈ .....,,,,,,,,* ##≈≈≈≈≈≈≈≈≈≈.≈)≈ .....,,,,,,,,* ##≈≈..........≈.≈ ....,,,,,,,,,* ##≈≈..≈≈≈≈≈≈≈≈≈≈.≈ ...,,,,,,,,,,*##≈≈..≈≈..........≈ #**,>,,,,,,,~##≈≈..≈≈..≈≈≈≈≈≈.≈≈≈ # **,*#..,,,,#≈≈..≈≈..≈≈####≈.≈## Turn 57783 on Depths:2: Deep water trail vault accessed from southeast corner. Nothing too special in here. Contains regular Depths enemies, water elementals, and merfolk javelineers. ..?# ..## ..# .### ...### ...#.# [....## ##### ∩.....######...### ........##[.....@# .......[...(....## ............#.### ############### ≈≈≈# ..≈# ≈.≈# ≈.≈# ≈.≈######## Turn 58213 on Depths:2: Depths:3 uphatch leads to northeastern corner of Depths:2. ### #..§§_§§§§§..... #####.#####§#.#§#....... ##......##..#.§§#........ #.......##..##§#......... ##.......#......§§........ #......................... #......................... #.........>.(......#...##. ###........@.......#####.... ##................### ##.. #....###........### ### ###...........### # #...#.....### ##.#....### ##...### ##### #..#.# ##...# #..#.# Turn 58775 on Depths:3: This floor has a massive stone wall hexagon taking up a lot of it. .....##..##§#............##...#.# .....#......§.............#####[# ................................# ................................# ......>.(......#...##............ .............#####............... ...........### #(###............. #........###...#...###.........#. .......###.....'@....#'#......... .....### .....#.......###....... ...### b... #.........###...#. .### ... ###.........###.#. .# .# ###.....### #.#. .# ###.### #... .# ### #... .# #... ## #... Turn 59035 on Depths:3: I entered into the hexagon's northeast door, which has a deep troll group, ettins, and a wizard behind it. Caustic shrike is found in the next door. .. #.........###...#...## . ###.........###.#....## ###.....###)#.#.....### ###.###...#.........#### ###.....#.....<.####8### #......#......##.##∩'.# #......#....#....##8#.# #......#..........###.# #..C..@'.#............# #......#.......##...### #......#..<....###### #......#...##...# ##.....#)###...## #+#...#.##....## ###?#.##.....# ###..#.....# ###.......#..## Turn 59063 on Depths:3: Lone ettin in eastern hexagon room. #......#...... #......#..<... #......#...##. ###.....#)###.. ###.#'#...#.##... ###....†###.#.##... # ###.........###..#... ### #.........###.......# ..# #...@...###......#.## .#..# # +.....###............ ##.#..## #...###.............. # ##.... #=###.......<.....#.. ####.... ###......##...#...#.. ........ .......#...##...##. ....## . ........#..###..#.. ....###.. ...........# ###... ....#...A ..........## ##.. Turn 59125 on Depths:3: Ice dragon and shadow dragon south of lone ettin room. .....# #...... #....# #...... #....# ## ###..... .....# #+#.## ###.#'#... .....# #.....#+# ###....†###. ....#### ........#####.........## ..####.###.........#.........###. ....#....# #.......#.......###... ........#..#+#..@..'.....###..... ##..#..##.#..###...#...###....... #..#..# ##....###.#=###.......<. #####.####.... #####......##... ##......... .......#...# #......## . ........#..# #......###.. ...........# ###....#...A ..........## #..#...... i.........# Turn 59155 on Depths:3: Divine tome and fire dragon in next room, also accessed from southwestern door. # ###.###...#.... # ###.....#.... # #......#.... # #......#.... #......#.... #..)...'.#.. # ##### #......#.... # ###.#.#+# #......#..<. # ###...#.@.####......#...# # ###...|.'.....###.....#)### # #+#.###...#...###.#'#...#.##. # ###.....#'#.#.###....†###.#.##. ###.........#####.........###..#. #.###......)..#.........###...... ....###.......#.......###......#. ...#..#+#.....'.....###.......... ..##.#..###...#...###............ Turn 59404 on Depths:3: Room past earth staff and teleport scroll has vampire knight and phantasmal warriors. #...#.....### .....#..... ##.#....### b... #..... ##...### ... ###... ##### #..#.#.### .# #.###. ##...# #..#.#...#+# #...## #....###....#.....## +..... ##..........#......# #.[.## ##.......####......# #.#'#. #.......## #..@...# ###... ###....## #......# #..... #......#####......# #####... ###........#......# ###.#.#'#. #.#.#....#....:.####...#...## ###.#....#....)###...|.'..... #(.......#..[#+#.###...#...## #........#(###.....#'#.#.###. #.#.....####.........#####... Turn 59484 on Depths:3: Western room of hexagon has flayed ghost, fire giant, ice dragon, and tengu reaver. Actually pretty nasty combo. ###................#####... ##................### #(###. #....###........###...#...## ###...........###.....+..... #...#.....###.......#..... ##.#....###.^..D... #..... ##...###[........# ###... ##### #..#.#.###C....# #.###. ##...# #..#.#..@#'#.### #...## #....###....#..CD.### +..... ##..........#......# #.[.## ##.......####......# #.#'#. #.......## #......# ###... ###....## #......# #..... #......#####......# #####... ###........#......# ###.#.#'#. #.#.#....#....:.####...#...## Turn 59727 on Depths:3: Ice giant and shadow dragon also in caustic shrike room. Zot trap is in there, too. ...........###.#(###............. #........###...#...###.........#. .......###.....'.....#'#......... .....###.......#.......###....... ...###.^.......#.....)...###...#. .###[........#####.........###.#. .#.###.....### #.###.....###)#.#. .#...#'#.###..T#...###.###...#... .#...÷.###..TiTT@....###.....#... .#......# ##..D#.[.####......#... ##......# #+# #.#'#..#......#... #......# ###....#..†...#... #......# #......#..)...'.#. ##......# #####....#......#... .#......# ###.#.#'#..#......#..< .#....:.####...#...####......#... .#....)###...|.'.....###.....#)## Turn 60174 on Depths:3: Penultimate room in hexagon center has iron dragon, deep trolls, and spriggan berserker. ##...###[........#####......... # #..#.#.###.....###.#.###.....## # #..#.#...#'#.###...#...###.###. ###....#...÷.###.....[.....###... .......#......####..)#.[.####.... ....####......#..#'#[#.#'#..#.... ...## #......#....#####....#..÷. ..## #......#......#......#..). ...#####......#.@..#####....#.... .......#......#..###.#.#'#..#.... #.#....#....:.####...#...####...† #.#....#....)###...|.'.....###... .......#..[#'#.###...#...###.#'#. .......#(###.....#'#.#.###.....## #.....####.........#####......... ....####.###......)..#.)†[.....## #.....#....###.......#.......###. Turn 60608 on Depths:3: Final room has rakshasas. No loot. ####.#############....~~ #.)..# #≈# #....~~ #.#### ##≈## #..≈~~~ #.# #≈≈≈## ##.~~~. #.# #≈≈≈≈# ...... #########.######≈≈≈≈# ...... ##..~.~.~....~..#≈~≈≈# ... #..~.~.~.~~≈~≈.≈~≈~≈~#. #~~~≈~~~~~..~~≈~@~≈≈≈~.. #~≈≈~~~~~~~≈~~~~≈≈~~~...# #≈≈≈~~~~~~≈~~~~~~≈~.~..## #≈≈≈≈#..~~..~.~..~~~#.... #≈≈≈######.#########..... #≈≈### #)# ...## #≈##≈# #)## #...... #≈≈≈≈# #).### #....### ###≈≈# ##...######.....# +# Turn 62758 on Depths:4: Waterlogged area in northwest. #.# #≈≈≈≈# .......... ######.######≈≈≈≈# ... ........#. ~.~.~....~..#≈~≈≈#..... .....#. .~.~.~~≈~≈.≈~≈~≈~#..#.. .. ≈~~~~~..~~≈~≈~≈≈≈~.... ~~~~~~~≈~~~~≈≈~~~...# ~~~~~~≈~~~~~~≈~.~..### ≈#..~~..~.~..~~~#....# ######.#########@....# ## #)# #....### ≈# #)## #....... ≈# #).### #....###. ≈# ##...######.....# +# ## ###......#.....# q# ###..........## .. ##..........####c# # #.............#.# ..? Turn 62762 on Depths:4: Open floor with Zot entrance vault in northwest-center. ###..........>.....# #.##...............# .∩.##......######### #.##......##..♣#≈≈### ###.......#^..##≈≈≈≈# .#........#..####§≈≈# .........##..#..##≈≈# .........#...'...##≈# .........')..'..@.#≈# .........#.).'..[##≈# .........##..#..##≈≈# #####.....#..####§≈≈# #.....#...##≈≈≈≈# #.....##..♣#≈≈### #......######### # #..............# # #..............# Turn 66103 on Depths:1: Strange elf vault here. #.....#*,∩,#,,,*,,,,,,,,,,*,,* #....#**,,p#+++*,,,,,,,,,,*,,* #....# *+''#.,,,,,,,,,,,,,*,,* #....###.....,,,,,,,,,,,,,*,.* #............,,,,,,,,,,,,,*..* .............,,,,,,,,,,,,,...* ..#######################....* .........÷..(..).............* ......(.........@...........p* #############################* Turn 66774 on Vaults:5: A vault warden spawns in the absolute southeastern corner. '######......# ##...# [..[.)#......# #.)..# ......#....>.# ###'## ......#......###...## ......)......##.....# ......####'#####...## .....[##......#.....# ########......##...## ########......#.@<..# ......##......##...## ......##......'.....# ......##......##...## ......##......#.....# ......##......##...## ......############## ####### Turn 67084 on Vaults:4: Rising Flame escape! Out of teleport scrolls.

:(
,,,,,,,,,,,,,,,,,,,,,,,..........
,,,,,,,,,,,,,,,,,,,,,,,..........
,,,,,,,,,,,,,,,,,,,,,,,..........
,,,,,,,,,,,,,,,,,,,,,,,..........
,,,,,,,,,,,,,,,,,,,,,,,..........
,,,,,,,,*****,*###,,,,,..........
,,,,,,,**,*#.,##)##,,,,..........
,,,,,,##$$,#.##))?##,,,..........
,,,,,##?:?##..##@|[##,,..........
,,,,*#/)|:$....$)$"$#*...........
,,,,*#[/)!......$[[$##...........
,,,,**#(!#)....).(!###...........
,,,,*#####........####...........
,,,,*...#.........(..#...........
,,,,,,#............#JJb..........
,,,,**####........####b.b........
,,,,**#$$#)....).[)#*#.b.........


Turn 71069 on Slime:5: Most insane TRJ kill I've done. Butterflies did so much
work, but the clean up afterwards was actually scarier than fighting the TRJ in
a corridor with butterflies. ,,,,,,,,,,,,,,,,,,,,,..........#.
,,,,,,,,,,,,,,,,,,,,,............ ,,,,,,,,,,,,,,,,,,,,,...........#
,,,,,,,,,,,,,,,,,,,,,............ ,,,,,,*****,*###,,,,,............
,,,,,**,*#.,##)##,,,,............ ,,,,##$$,#.##))?##,,,............
,,,##?:?##..##.|[##,,............ ,,*#/)|:$....$)$@.#*.............
,,*#[/)!......$[[$##............. ,,**#(!#)....).(!###.............
,,*#####........####............. ,,*...#.........(..#.............
,,,,#............#JJb............ ,,**####........####b.b..........
,,**#$$#)....).[)#*#.b........... ..##=?[/#.....!)$$##............. Turn 71075
on Slime:5: HELL YEAH! ######### ##8._._._## ##.........## ##_...≈.≈..._##
#...≈≈≈.≈≈≈...# #@..≈.≈.≈.≈.._# #..≈≈≈...≈≈≈..# #_.....<.....8# #..≈≈≈...≈≈≈..#
#_..≈.≈.≈.≈.._# #...≈≈≈.≈≈≈...# ##_...≈.≈..._## ##.........## ##8._._._## Turn
71720 on Temple: Farewell Ignis. ;_; .................................
#....†...................^....... #..##................########....
#..###...............## #.... #..# ##...............#######.... #..#
#.....^..................... #..# #........................... #..#
#.#.....................^⌠.. #..# #)#........@...........⌠.... #..#
#)#..........########....... #..# #)#...######.# ######## #..# #.##..# #.# #..#
#.###.# #.# ...###)# ### #.## .....#.# #..# .......# ##.## .......# #..# Turn
74548 on Zot:1: Zot:2 uphatch leads to northwestern Zot:1, far away from Zot
exit (eastern side). .................#####...........
........####.....##.............. .....######...................... ...###
##....................... .### ##...................####. ##
##.....................###. # ###.......................#..
###..............##............ ###.............@####..........##
................## *#.........## ................# *...........#*
.........####.### *............# .........# #...#** *,*,.........#
.........#*#..#$$# ***#....##.... .........#≈.#.≈$)#* #...####...
.........##≈§≈≈§#$# #...#...... ........####≈≈§§#$#***#.......... Turn 75182 on
Zot:2: Lava pit in west is dragon vault. ##.........# ##........##..
##.........# #.......###.. ####.##.......# ##........#..# ....####......#
###..####......# ..^## ##.....####...## ##....## ...# ##....##....## #...## ...#
##..#......# ##.### # ...## ####.......## #..# ## ....#####.......@..##
##..####. ....................## #..###... #....##..............####........
...######........................ ..## ##....................... ..#
#.................)..... ..## #................)...... ...###
##..........##...)....... .....####........######.......... Turn 75577 on Zot:2:
Zot:2 is not too scary, even if it is an open floor. It only has some draconian
packs here and there, perhaps a couple moths of wrath, that dragons vault, and a
few other enemies about. #....# *,,......* #....# *,,......# #....#
*,,......##### #...## ****#........# #...# #........#### #...# #............
#...############............ #...................####.... #..........@........#
#.... #...................# #.... #...................# #....
#....################ #.... #....# #.... #....# #.... #....# #.... #....# #....
#....# #.... Turn 76150 on Zot:3: Nothing past this +2 heavy spear westwards.
............................##... ....................#####...#....
...........#######.## ##.....## ...........# #.# #[....## ...........## ##.##
##...... ............## ##...## ##...... ......#####..###.....#####.##....
#....## ##..............####... #....# #....@.......^## ##.. .....##
##............# ##. ......### ##............# ## ........####...###.......## ###
..........<....# ####.....#####.. ...............### ##...........
.................######....##.... ....................#....######..
.........#....##........## ##. Turn 76325 on Zot:2: Zot:3 uphatch seems viable
for orbrun. *,*,,,,* *,**,,,** ######## *,,*,,,,* #......# ,,,**,>,* #......#
,,,,*,,,* #......# ,,,,***** #......# ,,,,,* #....."# ,,,,,* #......# **,,,*
#..@...# *,,,* #......# *,,,**** ##......# ***,,,,* #....#.## *,,,,* #..(.##[##
*,,,,* #....###.## #....# #....# ##.# #...$# #....###### #....# ###.....# Turn
76464 on Zot:3: Grum is encountered in this eastern hallway that's accessed from
the southeast corner. ####### ###### ......# #....# ......# #....# ......#
#....######## ......# #...........# .###### #........$..# .# #...........# .#
#.....@.....# .# #######...###.....# .# #.........# *.....# .# #.........#
*.....# .####.........# *....⌠# ........####### *###### ........# ........#
........#************** Turn 76631 on Zot:3: No enemies in this northeastern
corner. * * * , ,, .....z.# * .......,, , , , ...?.# ** ....# * * * , , ...#####
, * ** #......., ,, #@# * , #.# , #.., ,, , ^ #.#. *> , , ###.. , ,, ,.., , ,, ,
###, , , , , , , , , Turn 77125 on Zot:4: >Ignis, with one final cry of rage,
burns out of existence. ######## #......# #......# # #......# # #......# #
####### #......# ####.....########......# ................@(.....#
####........####.....^.# '...........####.#####.# #####.......##....# #.#
...##.......##....####.# ...[...................## ...####.######..........#
#### #.## #..........# #####..## #........(.# Turn 78619 on Zot:4: Northeastern
Zot:4 downstairs leads to orb of fire and other enemies.
§.....,,,,,,,,,,,,,,,,,........# [[..##*****************####..).#
......,,,,,.........,,,........# ..#...,,,,,,u.......,,,,....#..#
..#,..,,,,,,,......,,,*##...#..# ..#,,.,,,,,,,,....#+''* #...#..#
..#,,,,,,,,,,,#'''#,,,**#.,,#..# ,,*,,,,,,,,,,,#...#,∩,**,,,,#..#
,,*,,,,,,,,,,,#.@.#,,,**,,,,#..# ,,*,,,,,,,,,**#...#*****,,,,#..#
,,*,,,,,,,,,*##'''#*****,,,,#..# ,,*,,,,,,,,,*#....##........#..#
,,#...W..,⌠,*#.⌠..##.⌠......#..# ,,#......,,,*#....##........#..#
..#.....#****#'''###........#..# ..#.....#****#...###........#..#
..#.....#*,,,#...#..........#[.# Turn 81236 on Vaults:5: Silver rune of zot in
southeastern quadrant.

Levels and vault maps discovered:
D:1:      minmay_arrival_solitary_statue, layout_loops_corners, serial_glass,
          glass_columns_a, glass_columns_a
D:2:      layout_rooms, basic_ecumenical_altar, serial_shops,
          nicolae_shop_rolled_up
D:3:      layout_loops_ring, nicolae_overflow_two_pavilions,
          saegor_snake_ambush, uniq_sigmund
D:4:      layout_cave_pools, nicolae_gozag_cash_rules_everything_around_me,
          minmay_temple_entry_water_ring, minmay_manual_maat
D:5:      kennysheep_kobold_camp, layout_gridville,
          mainiacjoe_overflow_alcove_2, ebering_ghost_rock_garden, uniq_grinder,
          uniq_blork_the_orc
D:6:      layout_cave_pools, minmay_misc_feat_room, st_stairs_4, minivault_10,
          hellmonk_bongcloud_opening, grunt_ministairs_10
D:7:      wad_woods_stonehenge, layout_basic
D:8:      layout_loops_cross, mainiacjoe_overflow_paths,
          minmay_chambers_of_fives
D:9:      layout_basic, trog_ov_bears_minmay
D:10:     layout_basic, lemuel_coloured_pillars_altar, dpeg_oklobed_lair,
          minmay_ruffians, uniq_erica, uniq_fannar, uniq_psyche
D:11:     layout_basic, gammafunk_ghost_abyssal_escape
D:12:     layout_stronghold, david_orc_4, ebering_ghost_inner_flame
D:13:     layout_roguey, erik_vaults_1, gauntlet_entry_generic
D:14:     layout_basic, portal_ice_cave_entry_ice_statue_one, serial_shops,
          nicolae_shop_tiny_glass, kennysheep_cluttered_room, uniq_snorg
D:15:     grunt_enter_depths_snipers, layout_cross, biasface_ghost_orc_armoury
Temple:   nicolae_temple_no_exploring_needed
Lair:1:   layout_chaotic_city, chequers_serial_rivers_room_b,
          nicolae_lair_lil_pond, lemuel_fruit_fields,
          infiniplex_staircase_pool_2
Lair:2:   layout_long_grid, swamp_mist, spider_nest_entry_a,
          chequers_serial_rivers_micro_a, grunt_megastairs_5
Lair:3:   layout_roguey [special_room_mythical_zoo], beast_lair_carwin_7,
          serial_bayou_shore_a
Lair:4:   layout_misc_corridors, uniq_kirke
Lair:5:   due_jungle_book, layout_misc_corridors,
          nicolae_slime_entry_slimehenge, disabler_island
Swamp:1:  layout_falls_marsh, ebering_ghost_disaster_area,
          nicolae_swamp_triple_paths
Swamp:2:  layout_falls_marsh, nicolae_swamp_bean_lake, swamp_pool4,
          hangedman_swamp_cone, lightli_tree_ring
Swamp:3:  layout_basic_swamp, evilmike_swamp_ruin_house_2, swamp_pool1,
          lemuel_altar_in_water, nicolae_swamp_no_escape
Swamp:4:  swamp, layout_basic_swamp, infiniplex_staircase_pool
Spider:1: layout_spider_delve
Spider:2: layout_spider_delve, hangedman_spider_tarantella_strand
Spider:3: layout_chambers, nicolae_spider_wall_of_niches, uniq_nikola
Spider:4: grunt_spider_rune_parallel
Slime:1:  layout_caves
Slime:2:  layout_caves
Slime:3:  layout_caves
Slime:4:  layout_caves, uniq_dissolution
Slime:5
Orc:1:    layout_diamond_mine, serial_shops, nicolae_square_shop,
          nicolae_shop_vocational
Orc:2:    st_orc_town, layout_diamond_mine, serial_shops, shop,
          nicolae_shop_gadgets
Elf:1:    nicolae_elf_arrival_fired_up, layout_rooms, serial_shops,
          nicolae_shop_tiny_waterfront, minmay_elf_necromancy, st_stairs_9,
          einodemon_armed_red_devil_minivault
Elf:2:    nicolae_elf_blades_crystal_corner, layout_gridlike, serial_shops,
          nicolae_shop_hallway_plus, ebering_ghost_gozag
Elf:3:    minmay_elf_hall_statues, layout_geoelf_diagonals, feat_on_display
Vaults:1: v_misc_4, nicolae_vaults_variable_pillar_hall,
          nicolae_vaults_diagonal_hallway_9, nicolae_vaults_hallways_thing,
          nicolae_vaults_alarming, st_diamondy, hangedman_vaults_nails,
          ontoclasm_vaults_ring_small, nicolae_vaults_apartment_2,
          nicolae_vaults_trapezoid_lopsided_4,
          nicolae_vaults_door_testing_chamber, nicolae_vaults_closet_pinwheel_1,
          layout_vaults_ring
Vaults:2: nicolae_vaults_trapezoid_2, nicolae_vaults_corpse_flower,
          minmay_crypt_entry_simple_sparse, vaults_dpeg_ring,
          hangedman_vaults_nails, ontoclasm_vaults_chip, v_misc_10,
          vaults_dpeg_diagonal, grunt_vaults_twisty, nicolae_vaults_house_1,
          nicolae_vaults_sightless_eye, layout_vaults_quadrants, serial_shops,
          nicolae_shop_hallway_plus, uniq_xtahua
Vaults:3: ontoclasm_vaults_spin, v_alt_pattern_5,
          nicolae_vaults_network_quincunx
          [nicolae_vaults_network_quincunx_subvault,
          nicolae_vaults_network_quincunx_subvault,
          nicolae_vaults_network_quincunx_subvault,
          nicolae_vaults_network_quincunx_subvault,
          nicolae_vaults_network_quincunx_subvault], nicolae_vaults_apartment_2,
          nicolae_vaults_wine_cellar, nicolae_vaults_shipping_containers_1,
          nicolae_vaults_storage_closets_3, vaults_room_large_hall,
          vaults_room_grunt_arrival_ludios, v_alt_pattern_1,
          layout_vaults_omnicross
Vaults:4: grunt_vaults_swirl, nicolae_vaults_rhombus_5, vaults_mumra_hex,
          hangedman_vaults_trim, v_misc_29, vaults_mumra_hexcomb, v_rooms_6,
          nicolae_vaults_halls_meeting, vaults_room_hallway, vaults_room_pools,
          layout_vaults_maze_snakey, uniq_mara, uniq_sojobo, uniq_margery
Vaults:5
Crypt:1:  evilmike_wizard_prison, layout_gridlike, corexii_leaking_fountain,
          uniq_frederick
Depths:1: layout_forbidden_donut, enter_ziggurat_c, fedhas_altar_3, hellmouth_1,
          mu_enter_wizlab_6, nicolae_concentric_dashed_squares_wild,
          minmay_statues_item, kennysheep_underground_church,
          serial_bayou_shore_b
Depths:2: evilmike_lava_path, layout_cave_pools, pan_entry, abandoned_shop,
          hell_entry, nicolae_wu_jian_immortal_techniques
Depths:3: nicolae_hexawheel, layout_cave_pools,
          grunt_dithmenos_smoke_and_mirrors, abyss_entry_small_statue_room,
          pf_vacation_house_of_asmodeus, uniq_mennas
Depths:4: grunt_crosshair, layout_cave_pools, hell_entry,
          chequers_serial_rivers_large_a
Zot:1:    layout_onion_interference, grunt_megastairs_3
Zot:2:    layout_cathedral_of_symmetry, st_large_dragon_hoard_1
Zot:3:    layout_cellular_growth, grunt_ministairs_12, uniq_grunn
Zot:4:    layout_basic, uniq_josephina, uniq_parghit
Zot:5:    layout_onion

Skill      XL: |  1  2  3  4  5  6  7  8  9 10 11 12 13 14 15 16 17 18 19 20 21 22 23 24 25 26 27 |
---------------+----------------------------------------------------------------------------------+-----
Stealth        | 1 2 3 6 8 9 11 12 14 15 | 15.0
Maces & Flails | 4 5 6 7 8 10 12 13 14 17 19 | 19.0
Shields        | 1 2 4 6 8 11 12 14 16 18 19 21 22 23 | 23.4
Fighting       | 4 5 6 7 9 11 13 14 17 19 21 23 24 25 26 | 26.0
Armour         | 1 2 7 9 10 11 | 11.7
Ice Magic      | 3 5 6 7 8 |  8.0
Dodging        | 3 6 8 9 10 12 13 | 13.0
Spellcasting   | 3 5 |  5.0
Evocations     | 4 6 8 11 13 15 17 | 17.0
Invocations    | 3 8 17 | 17.3
Summonings     | 5 8 |  8.1
Fire Magic     | |  3.0

Action                     |  1- 3 |  4- 6 |  7- 9 | 10-12 | 13-15 | 16-18 | 19-21 | 22-24 | 25-27 || total
---------------------------+-------+-------+-------+-------+-------+-------+-------+-------+-------++-------
  Melee: Mace              |   112 |   105 |   434 |  1065 |   889 |       |       |       |       ||  2605
         Flail             |       |       |       |       |   459 |   220 |   142 |   796 |       ||  1617
         Constrict         |       |       |       |       |   243 |   250 |   292 |   351 |   225 ||  1361
         Morningstar       |       |       |       |       |       |  1232 |  1715 |  1720 |  2178 ||  6845
         Headbutt          |       |       |       |       |       |       |       |    47 |   992 ||  1039
  Throw: Dart              |       |       |     1 |     1 |       |     2 |       |       |     1 ||     5
         Throwing net      |       |       |       |       |       |       |       |       |     2 ||     2
   Cast: Ozocubu's Armour  |       |       |       |    12 |    21 |    15 |     2 |     3 |     1 ||    54
         Summon Ice Beast  |       |       |       |       |       |       |       |    16 |     8 ||    24
         Call Canine Famil |       |       |       |       |       |       |       |       |     2 ||     2
 Invoke: Fiery Armour      |       |     1 |     6 |     4 |       |       |       |       |     1 ||    12
         Curse Item        |       |       |       |       |       |       |       |       |     7 ||     7
         Rising Flame      |       |       |       |       |       |       |       |       |     1 ||     1
Ability: Spit Poison       |    13 |    16 |     9 |    21 |    11 |    36 |     5 |    23 |     8 ||   142
         Breathe Poison Ga |       |       |       |       |       |       |       |       |     1 ||     1
  Evoke: Wand              |       |       |       |     1 |    12 |    34 |     5 |    48 |    77 ||   177
         Piece from Xom's  |       |       |       |     3 |     3 |       |       |       |       ||     6
         Lightning rod     |       |       |       |       |       |       |     4 |     7 |     7 ||    18
         Tin of tremorston |       |       |       |       |       |       |       |     6 |       ||     6
         Phial of floods   |       |       |       |       |       |       |       |       |     1 ||     1
    Use: Scroll            |     3 |     7 |     6 |    13 |    21 |    23 |    21 |    17 |    30 ||   141
         Potion            |       |     1 |     5 |     6 |    12 |    15 |    12 |    17 |    32 ||   100
   Stab: Sleeping          |       |     1 |     1 |     4 |    14 |     7 |    12 |    14 |     8 ||    61
         Paralysed         |       |       |       |       |       |    12 |       |       |       ||    12
         Confused          |       |       |       |       |       |     1 |       |       |     4 ||     5
         Distracted        |       |       |       |       |       |     1 |     2 |     7 |     3 ||    13
         Invisible         |       |       |       |       |       |       |     6 |       |     2 ||     8
         Petrifying        |       |       |       |       |       |       |       |     1 |       ||     1
         Held in net/web   |       |       |       |       |       |       |       |       |     2 ||     2
 Armour: Robe              |    37 |    28 |   115 |   339 |   635 |    82 |       |       |       ||  1236
         Skin              |       |     5 |    28 |     6 |       |       |       |       |       ||    39
         Scale mail        |       |       |       |       |       |   629 |   550 |   694 |   709 ||  2582
  Dodge: Dodged            |    52 |    26 |    64 |   157 |   228 |   220 |   216 |   281 |   319 ||  1563
  Block: Tower shield      |    23 |    79 |   422 |  1187 |  1951 |  2328 |  2493 |  2958 |  2573 || 14014
         Reflection        |       |     1 |     3 |    11 |    46 |    57 |   113 |    81 |    14 ||   326
